Workbook

Sheet Summary
B1: Summary of Customer Data and Economic Analysis Results
B2: Project Name | C2: Project 1 | Q2: R0
B3: Project Number | Q3: R1
B4: Developer | Q4: R2
B5: Municipality | C5: Ajax | Q5: R3
Q6: R4
B7: Technician: | D7: Date Run: | E7: 46133 | F7: Version: | I7: Customer connection horizon | J7: 5 | Q7: TrueUP
I8: Customer revenue horizon | J8: 25
B9: EE Template : | C9: All Areas Excluding Whitby | I9: Number of Connections | J9: 3
B11: New Customers and Input Data
B13: Customers, Type | E13: kWh per Unit | F13: Number of Units or GS load (kW) Added in Each Year
F14: Year 1 | G14: Year 2 | H14: Year 3 | I14: Year 4 | J14: Year 5 | K14: Year 6 | L14: Year 7 | M14: Year 8 | N14: Year 9 | O14: Year 10 | P14: Year 11 | Q14: Year 12 | R14: Year 13 | S14: Year 14 | T14: Year 15 | U14: Year 16 | V14: Year 17 | W14: Year 18 | X14: Year 19 | Y14: Year 20 | Z14: Total
B15: General Service Load | F15: 2960 | G15: 2960 | H15: 2960 | I15: 2960 | J15: 2960 | K15: 0 | L15: 0 | M15: 0 | N15: 0 | O15: 0 | P15: 0 | Q15: 0 | R15: 0 | S15: 0 | T15: 0 | Z15: =SUM(F15:Y15) -> 14800
Z16: =SUM(F16:Y16) -> 0
Z17: =SUM(F17:Y17) -> 0
B18: Residential | E18: 750 | Z18: =SUM(F18:Y18) -> 0
Z19: =SUM(F19:Y19) -> 0
Z20: =SUM(F20:Y20) -> 0
C21: Total Residential | F21: =SUM(F17:F20) -> 0 | G21: =SUM(G17:G20) -> 0 | H21: =SUM(H17:H20) -> 0 | I21: =SUM(I17:I20) -> 0 | J21: =SUM(J17:J20) -> 0 | K21: =SUM(K17:K20) -> 0 | L21: =SUM(L17:L20) -> 0 | M21: =SUM(M17:M20) -> 0 | ... Z21: =SUM(Z17:Z20) -> 0
C22: Average energy added per Res. customer | F22: =IF(F21=0,0,(F17*$E$17+F18*$E$18+F19*$E$19)/F21) -> 0 | G22: =IF(G21=0,F22,(G17*$E$17+G18*$E$18+G19*$E$19)/G21) -> 0 | H22: =IF(H21=0,G22,(H17*$E$17+H18*$E$18+H19*$E$19)/H21) -> 0 | I22: =IF(I21=0,H22,(I17*$E$17+I18*$E$18+I19*$E$19)/I21) -> 0 | J22: =IF(J21=0,I22,(J17*$E$17+J18*$E$18+J19*$E$19)/J21) -> 0 | K22: =IF(K21=0,J22,(K17*$E$17+K18*$E$18+K19*$E$19)/K21) -> 0 | L22: =IF(L21=0,K22,(L17*$E$17+L18*$E$18+L19*$E$19)/L21) -> 0 | M22: =IF(M21=0,L22,(M17*$E$17+M18*$E$18+M19*$E$19)/M21) -> 0 | N22: =IF(N21=0,M22,(N17*$E$17+N18*$E$18+N19*$E$19)/N21) -> 0 | ... R22: =IF(R21=0,Q22,(R17*$E$17+R18*$E$18+R19*$E$19)/R21) -> 0 | S22: =IF(S21=0,Q22,(S17*$E$17+S18*$E$18+S19*$E$19)/S21) -> 0 | T22: =IF(T21=0,S22,(T17*$E$17+T18*$E$18+T19*$E$19)/T21) -> 0 | U22: =IF(U21=0,T22,(U17*$E$17+U18*$E$18+U19*$E$19)/U21) -> 0 | V22: =IF(V21=0,U22,(V17*$E$17+V18*$E$18+V19*$E$19)/V21) -> 0 | W22: =IF(W21=0,V22,(W17*$E$17+W18*$E$18+W19*$E$19)/W21) -> 0 | X22: =IF(X21=0,W22,(X17*$E$17+X18*$E$18+X19*$E$19)/X21) -> 0 | Y22: =IF(Y21=0,X22,(Y17*$E$17+Y18*$E$18+Y19*$E$19)/Y21) -> 0 | Z22: =IF(Z21=0,Y22,(Z17*$E$17+Z18*$E$18+Z19*$E$19)/Z21) -> 0
B24: Data
D27: 0 | E27: 0 | F27: =($D27*F23*F21)+($D27*F15) -> 0 | G27: =($E27*G23*G21)+($E27*G15) -> 0 | H27: =($E27*H23*H21)+($E27*H15) -> 0 | I27: =($E27*I23*I21)+($E27*I15) -> 0 | J27: =($E27*J23*J21)+($E27*J15) -> 0 | K27: =SUM(F27:J27) -> 0
B28: Annual O,M, & A
B29: Incremental OM&A, $/Customer | D29: ='OM&A Calc'!D51 -> 175.00101 | E29: =+D29 -> 175.00101
B31: Distribution Rates in effect | H31: Elexicon Energy Use Only
B32: Monthly, fixed customer charge | H32: NOTE: Option 2 - EE Different from OTC
C33: Residential | F33: =+'Data Inputs'!E31 -> 32.79
C34: General Service < 50kW | F34: =+'Data Inputs'!E32 -> 21.26 | H34: N/A
C36: General Service 50 to 2,999 kW | F36: =+'Data Inputs'!E33 -> 135.84
C37: General Service 3,000 to 4,999 kW | F37: =+'Data Inputs'!E34 -> 7137.67
C38: Large User | F38: =+'Data Inputs'!E35 -> 10722.24
B39: Monthly, variable
C40: Residential, per kWh | F40: =+'Data Inputs'!E42 -> 0
C41: General Service < 50kW, per kWh | F41: =+'Data Inputs'!E43 -> 0.0214
B42: Monthly Variable, per kW
C43: General Service 50 to 2,999 kW | F43: =+'Data Inputs'!E48 -> 4.1908
C44: General Service 3,000 to 4,999 kW | F44: =+'Data Inputs'!E49 -> 2.6549
C45: Large User | F45: =+'Data Inputs'!E50 -> 3.7393
B49: Summary
B52: Statement of Costs
C54: Project Total Costs
B55: Cost Breakdown: | C55: (Data Inputs)
B56: Labour (including design, engineering & construction) | C56: 8525000 | E56: Calculation Results
B57: Materials | C57: 4650000 | E57: Expressed in relation to internal construction costs only…..
B58: Equipment | C58: 2325000 | E58: Total Cost of Project | I58: =+C62 -> 15500000
B59: Overhead (including administration) | E59: Capital Contribution by Customer | I59: =IF(-'NPV Calculation'!C131<0,0,-'NPV Calculation'!C131) -> 7450381.1
E60: Elexicon's Contribution | I60: =+I58-I59 -> 8049618.9
B61: Inspection | C61: 0 | E61: Capital Contribution Recovery Rate (CCRR) (% of Project Total) | I61: =+IFERROR(I59/I58,0) -> 0.48066975
B62: Total | C62: =SUM(C56:C61) -> 15500000
B65: Total Not Eligible cost | C65: 15501200 | E65: Expansion Deposit | I65: =I60 -> 8049618.9
B66: Total Eligible for bid cost
C67: =SUM(C65:C66) -> 15501200

Sheet Data Inputs
A1: Table No. | C1: Project name | E1: =+Summary!C2 -> Project 1
C2: Developer name | E2: =+Summary!C4 -> 0
C3: Customer connection horizon (max 5) | E3: =+Summary!J7 -> 5 | F3: YELLOW CELLS ONLY ARE FOR DATA INPUT OF ANNUAL CONSTANTS.
C4: Customer revenue horizon (max 25) | E4: =+Summary!J8 -> 25 | F4: BLUE CELLS ARE USED FOR PROJECT SPECIFIC DATA
A5: 1 | C5: Forecasted customer additions (non-cumulative)
D6: Customer Class | E6: Year 1 | F6: Year 2 | G6: Year 3 | H6: Year 4 | I6: Year 5 | J6: Year 6 | K6: Year 7 | L6: Year 8 | M6: Year 9 | N6: Year 10 | O6: Year 11 | P6: Year 12 | Q6: Year 13 | R6: Year 14 | S6: Year 15 | T6: Year 16 | U6: Year 17 | V6: Year 18 | W6: Year 19 | X6: Year 20
D7: Residential | E7: =+Summary!F21 -> 0 | F7: =+Summary!G21 -> 0 | G7: =+Summary!H21 -> 0 | H7: =+Summary!I21 -> 0 | I7: =+Summary!J21 -> 0 | J7: =+Summary!K21 -> 0 | K7: =+Summary!L21 -> 0 | L7: =+Summary!M21 -> 0 | ... X7: =+Summary!Y21 -> 0
D8: General Service < 50kW
D9: General Service 50 to 2,999 kW
D10: General Service 3,000 to 4,999 kW | E10: 1 | F10: 1 | G10: 1
D11: Large User
D12: Other class - non-demand
D13: Other class - non-demand
D14: Other class - demand
D15: Other class - demand
A16: 2 | C16: Estimate of average energy per added customer (monthly kWh)
D17: Customer Class | E17: Year 1 | F17: Year 2 | G17: Year 3 | H17: Year 4 | I17: Year 5 | J17: Year 6 | K17: Year 7 | L17: Year 8 | M17: Year 9 | N17: Year 10 | O17: Year 11 | P17: Year 12 | Q17: Year 13 | R17: Year 14 | S17: Year 15 | T17: Year 16 | U17: Year 17 | V17: Year 18 | W17: Year 19 | X17: Year 20
D18: Residential | E18: =+Summary!F22 -> 0 | F18: =+Summary!G22 -> 0 | G18: =+Summary!H22 -> 0 | H18: =+Summary!I22 -> 0 | I18: =+Summary!J22 -> 0 | J18: =+Summary!K22 -> 0 | K18: =+Summary!L22 -> 0 | L18: =+Summary!M22 -> 0 | ... X18: =+Summary!Y22 -> 0
D19: General Service < 50kW
D20: Other class - non-demand
D21: Other class - non-demand
A22: 3 | C22: Estimate of average demand per added customer kW
D23: Customer Class | E23: Year 1 | F23: Year 2 | G23: Year 3 | H23: Year 4 | I23: Year 5 | J23: Year 6 | K23: Year 7 | L23: Year 8 | M23: Year 9 | N23: Year 10 | O23: Year 11 | P23: Year 12 | Q23: Year 13 | R23: Year 14 | S23: Year 15 | T23: Year 16 | U23: Year 17 | V23: Year 18 | W23: Year 19 | X23: Year 20
D24: General Service 50 to 2,999 kW | E24: 0 | F24: =+E24 -> 0 | G24: =+F24 -> 0 | H24: =+G24 -> 0 | I24: =+H24 -> 0 | J24: =+I24 -> 0 | K24: =+J24 -> 0 | L24: =+K24 -> 0 | M24: =+L24 -> 0 | ... X24: =+W24 -> 0
D25: General Service 3,000 to 4,999 kW | E25: =Summary!F15 -> 2960 | F25: =SUM(Summary!F15:G15)/SUM(E10:F10) -> 2960 | G25: =SUM(Summary!F15:H15)/SUM(E10:G10) -> 2960 | H25: =SUM(Summary!F15:I15)/SUM(E10:H10) -> 3946.6667 | I25: =SUM(Summary!F15:J15)/SUM(E10:I10) -> 4933.3333 | J25: =+I25 -> 4933.3333 | K25: =+J25 -> 4933.3333 | L25: =+K25 -> 4933.3333 | M25: =+L25 -> 4933.3333 | N25: =+M25 -> 4933.3333 | O25: =+N25 -> 4933.3333 | P25: =+O25 -> 4933.3333 | Q25: =+P25 -> 4933.3333 | ... X25: =+W25 -> 4933.3333
D26: Large User | E26: 0 | F26: =+E26 -> 0 | G26: =+F26 -> 0 | H26: =+G26 -> 0 | I26: =+H26 -> 0 | J26: =+I26 -> 0 | K26: =+J26 -> 0 | L26: =+K26 -> 0 | M26: =+L26 -> 0 | ... X26: =+W26 -> 0
D27: Other class - demand | E27: 0 | F27: =+E27 -> 0 | G27: =+F27 -> 0 | H27: =+G27 -> 0 | I27: =+H27 -> 0 | J27: =+I27 -> 0 | K27: =+J27 -> 0 | L27: =+K27 -> 0 | M27: =+L27 -> 0 | ... X27: =+W27 -> 0
D28: Other class - demand | E28: 0 | F28: =+E28 -> 0 | G28: =+F28 -> 0 | H28: =+G28 -> 0 | I28: =+H28 -> 0 | J28: =+I28 -> 0 | K28: =+J28 -> 0 | L28: =+K28 -> 0 | M28: =+L28 -> 0 | ... X28: =+W28 -> 0
A29: 4 | C29: Approved wires only rates per rate schedule - monthly fixed charge
D30: Customer Class | E30: Year 1 | F30: Year 2 | G30: Year 3 | H30: Year 4 | I30: Year 5 | J30: Year 6 | K30: Year 7 | L30: Year 8 | M30: Year 9 | N30: Year 10 | O30: Year 11 | P30: Year 12 | Q30: Year 13 | R30: Year 14 | S30: Year 15 | T30: Year 16 | U30: Year 17 | V30: Year 18 | W30: Year 19 | X30: Year 20
D31: Residential | E31: 32.79 | F31: =+E31 -> 32.79 | G31: =+F31 -> 32.79 | H31: =+G31 -> 32.79 | I31: =+H31 -> 32.79 | J31: =+I31 -> 32.79 | K31: =+J31 -> 32.79 | L31: =+K31 -> 32.79 | M31: =+L31 -> 32.79 | ... X31: =+W31 -> 32.79
D32: General Service < 50kW | E32: 21.26 | F32: =+E32 -> 21.26 | G32: =+F32 -> 21.26 | H32: =+G32 -> 21.26 | I32: =+H32 -> 21.26 | J32: =+I32 -> 21.26 | K32: =+J32 -> 21.26 | L32: =+K32 -> 21.26 | M32: =+L32 -> 21.26 | ... X32: =+W32 -> 21.26
D33: General Service 50 to 2,999 kW | E33: 135.84 | F33: =+E33 -> 135.84 | G33: =+F33 -> 135.84 | H33: =+G33 -> 135.84 | I33: =+H33 -> 135.84 | J33: =+I33 -> 135.84 | K33: =+J33 -> 135.84 | L33: =+K33 -> 135.84 | M33: =+L33 -> 135.84 | ... X33: =+W33 -> 135.84
D34: General Service 3,000 to 4,999 kW | E34: 7137.67 | F34: =+E34 -> 7137.67 | G34: =+F34 -> 7137.67 | H34: =+G34 -> 7137.67 | I34: =+H34 -> 7137.67 | J34: =+I34 -> 7137.67 | K34: =+J34 -> 7137.67 | L34: =+K34 -> 7137.67 | M34: =+L34 -> 7137.67 | ... X34: =+W34 -> 7137.67
D35: Large User | E35: 10722.24 | F35: =+E35 -> 10722.24 | G35: =+F35 -> 10722.24 | H35: =+G35 -> 10722.24 | I35: =+H35 -> 10722.24 | J35: =+I35 -> 10722.24 | K35: =+J35 -> 10722.24 | L35: =+K35 -> 10722.24 | M35: =+L35 -> 10722.24 | ... X35: =+W35 -> 10722.24
D36: Other class - non-demand
D37: Other class - non-demand
D38: Other class - demand
D39: Other class - demand
A40: 5 | C40: Approved wires only rates per rate schedule - variable charge (per kWh)
D41: Customer Class | E41: Year 1 | F41: Year 2 | G41: Year 3 | H41: Year 4 | I41: Year 5 | J41: Year 6 | K41: Year 7 | L41: Year 8 | M41: Year 9 | N41: Year 10 | O41: Year 11 | P41: Year 12 | Q41: Year 13 | R41: Year 14 | S41: Year 15 | T41: Year 16 | U41: Year 17 | V41: Year 18 | W41: Year 19 | X41: Year 20
D42: Residential | E42: 0 | F42: =+E42 -> 0 | G42: =+F42 -> 0 | H42: =+G42 -> 0 | I42: =+H42 -> 0 | J42: =+I42 -> 0 | K42: =+J42 -> 0 | L42: =+K42 -> 0 | M42: =+L42 -> 0 | ... X42: =+W42 -> 0
D43: General Service < 50kW | E43: 0.0214 | F43: =+E43 -> 0.0214 | G43: =+F43 -> 0.0214 | H43: =+G43 -> 0.0214 | I43: =+H43 -> 0.0214 | J43: =+I43 -> 0.0214 | K43: =+J43 -> 0.0214 | L43: =+K43 -> 0.0214 | M43: =+L43 -> 0.0214 | ... X43: =+W43 -> 0.0214
D44: Other class - non-demand
D45: Other class - non-demand
A46: 6 | C46: Approved wires only rates per rate schedule - demand charge (per kW)
D47: Customer Class | E47: Year 1 | F47: Year 2 | G47: Year 3 | H47: Year 4 | I47: Year 5 | J47: Year 6 | K47: Year 7 | L47: Year 8 | M47: Year 9 | N47: Year 10 | O47: Year 11 | P47: Year 12 | Q47: Year 13 | R47: Year 14 | S47: Year 15 | T47: Year 16 | U47: Year 17 | V47: Year 18 | W47: Year 19 | X47: Year 20
D48: General Service 50 to 2,999 kW | E48: 4.1908 | F48: =+E48 -> 4.1908 | G48: =+F48 -> 4.1908 | H48: =+G48 -> 4.1908 | I48: =+H48 -> 4.1908 | J48: =+I48 -> 4.1908 | K48: =+J48 -> 4.1908 | L48: =+K48 -> 4.1908 | M48: =+L48 -> 4.1908 | ... X48: =+W48 -> 4.1908
D49: General Service 3,000 to 4,999 kW | E49: 2.6549 | F49: =+E49 -> 2.6549 | G49: =+F49 -> 2.6549 | H49: =+G49 -> 2.6549 | I49: =+H49 -> 2.6549 | J49: =+I49 -> 2.6549 | K49: =+J49 -> 2.6549 | L49: =+K49 -> 2.6549 | M49: =+L49 -> 2.6549 | ... X49: =+W49 -> 2.6549
D50: Large User | E50: 3.7393 | F50: =+E50 -> 3.7393 | G50: =+F50 -> 3.7393 | H50: =+G50 -> 3.7393 | I50: =+H50 -> 3.7393 | J50: =+I50 -> 3.7393 | K50: =+J50 -> 3.7393 | L50: =+K50 -> 3.7393 | M50: =+L50 -> 3.7393 | ... X50: =+W50 -> 3.7393
D51: Other class - demand
D52: Other class - demand
A53: 7 | C53: New facilities and/or reinforcement investments
D54: Capital elements | E54: Year 1 | F54: Year 2 | G54: Year 3 | H54: Year 4 | I54: Year 5 | J54: Year 6 | K54: Year 7 | L54: Year 8 | M54: Year 9 | N54: Year 10 | O54: Year 11 | P54: Year 12 | Q54: Year 13 | R54: Year 14 | S54: Year 15 | T54: Year 16 | U54: Year 17 | V54: Year 18 | W54: Year 19 | X54: Year 20 | Y54: Total
D55: =Summary!B56 -> Labour (including design, engineering & construction) | E55: =+Summary!C56 -> 8525000 | Y55: =SUM(E55:X55) -> 8525000
D56: =Summary!B57 -> Materials | E56: =+Summary!C57 -> 4650000 | Y56: =SUM(E56:X56) -> 4650000
D57: =Summary!B58 -> Equipment | E57: =+Summary!C58 -> 2325000 | Y57: =SUM(E57:X57) -> 2325000
D58: =Summary!B59 -> Overhead (including administration) | E58: =+Summary!C59 -> 0 | Y58: =SUM(E58:X58) -> 0
D59: =Summary!B60 -> 0 | E59: =+Summary!C60 -> 0 | Y59: =SUM(E59:X59) -> 0
D60: =Summary!B61 -> Inspection | E60: =+Summary!C61 -> 0 | Y60: =SUM(E60:X60) -> 0
D61: USCIC | E61: =+Summary!F27 -> 0 | F61: =+Summary!G27 -> 0 | G61: =+Summary!H27 -> 0 | H61: =+Summary!I27 -> 0 | I61: =+Summary!J27 -> 0 | J61: =+Summary!K27 -> 0 | K61: =+Summary!L27 -> 0 | L61: =+Summary!M27 -> 0 | ... X61: =+Summary!Y27 -> 0 | Y61: =SUM(E61:X61) -> 0
E62: 0 | Y62: =SUM(E62:X62) -> 0
D63: Total | E63: =SUM(E55:E62) -> 15500000 | F63: =SUM(F55:F62) -> 0 | G63: =SUM(G55:G62) -> 0 | H63: =SUM(H55:H62) -> 0 | I63: =SUM(I55:I62) -> 0 | J63: =SUM(J55:J62) -> 0 | K63: =SUM(K55:K62) -> 0 | L63: =SUM(L55:L62) -> 0 | ... X63: =SUM(X55:X62) -> 0 | Y63: =SUM(E63:X63) -> 15500000
D64: Assessed value of land | Y64: =SUM(E64:X64) -> 0
A65: 8 | C65: Customer specific capital
D66: Customer Class | E66: Year 1 | F66: Year 2 | G66: Year 3 | H66: Year 4 | I66: Year 5 | J66: Year 6 | K66: Year 7 | L66: Year 8 | M66: Year 9 | N66: Year 10 | O66: Year 11 | P66: Year 12 | Q66: Year 13 | R66: Year 14 | S66: Year 15 | T66: Year 16 | U66: Year 17 | V66: Year 18 | W66: Year 19 | X66: Year 20
D67: Residential | E67: 0 | F67: 0 | G67: 0 | H67: 0 | I67: 0 | J67: 0 | K67: 0 | L67: 0 | M67: 0 | N67: 0 | O67: 0 | P67: 0 | Q67: 0 | R67: 0 | S67: 0 | T67: 0 | U67: 0 | V67: 0 | W67: 0 | X67: 0
D68: General Service < 50kW | E68: 0 | F68: 0 | G68: 0 | H68: 0 | I68: 0 | J68: 0 | K68: 0 | L68: 0 | M68: 0 | N68: 0 | O68: 0 | P68: 0 | Q68: 0 | R68: 0 | S68: 0 | T68: 0 | U68: 0 | V68: 0 | W68: 0 | X68: 0
D69: General Service 50 to 2,999 kW | E69: 0 | F69: 0 | G69: 0 | H69: 0 | I69: 0 | J69: 0 | K69: 0 | L69: 0 | M69: 0 | N69: 0 | O69: 0 | P69: 0 | Q69: 0 | R69: 0 | S69: 0 | T69: 0 | U69: 0 | V69: 0 | W69: 0 | X69: 0
D70: General Service 3,000 to 4,999 kW | E70: 0 | F70: 0 | G70: 0 | H70: 0 | I70: 0 | J70: 0 | K70: 0 | L70: 0 | M70: 0 | N70: 0 | O70: 0 | P70: 0 | Q70: 0 | R70: 0 | S70: 0 | T70: 0 | U70: 0 | V70: 0 | W70: 0 | X70: 0
D71: Large User | E71: 0 | F71: 0 | G71: 0 | H71: 0 | I71: 0 | J71: 0 | K71: 0 | L71: 0 | M71: 0 | N71: 0 | O71: 0 | P71: 0 | Q71: 0 | R71: 0 | S71: 0 | T71: 0 | U71: 0 | V71: 0 | W71: 0 | X71: 0
D72: Other class - non-demand | E72: 0 | F72: 0 | G72: 0 | H72: 0 | I72: 0 | J72: 0 | K72: 0 | L72: 0 | M72: 0 | N72: 0 | O72: 0 | P72: 0 | Q72: 0 | R72: 0 | S72: 0 | T72: 0 | U72: 0 | V72: 0 | W72: 0 | X72: 0
D73: Other class - non-demand | E73: 0 | F73: 0 | G73: 0 | H73: 0 | I73: 0 | J73: 0 | K73: 0 | L73: 0 | M73: 0 | N73: 0 | O73: 0 | P73: 0 | Q73: 0 | R73: 0 | S73: 0 | T73: 0 | U73: 0 | V73: 0 | W73: 0 | X73: 0
D74: Other class - demand | E74: 0 | F74: 0 | G74: 0 | H74: 0 | I74: 0 | J74: 0 | K74: 0 | L74: 0 | M74: 0 | N74: 0 | O74: 0 | P74: 0 | Q74: 0 | R74: 0 | S74: 0 | T74: 0 | U74: 0 | V74: 0 | W74: 0 | X74: 0
D75: Other class - demand | E75: 0 | F75: 0 | G75: 0 | H75: 0 | I75: 0 | J75: 0 | K75: 0 | L75: 0 | M75: 0 | N75: 0 | O75: 0 | P75: 0 | Q75: 0 | R75: 0 | S75: 0 | T75: 0 | U75: 0 | V75: 0 | W75: 0 | X75: 0
D76: Total | E76: =SUM(E67:E75) -> 0 | F76: =SUM(F67:F75) -> 0 | G76: =SUM(G67:G75) -> 0 | H76: =SUM(H67:H75) -> 0 | I76: =SUM(I67:I75) -> 0 | J76: =SUM(J67:J75) -> 0 | K76: =SUM(K67:K75) -> 0 | L76: =SUM(L67:L75) -> 0 | ... X76: =SUM(X67:X75) -> 0
A77: 9 | C77: Incremental overheads (capital) at project level applicable to distribution system expansion
D78: Customer Class | E78: Year 1 | F78: Year 2 | G78: Year 3 | H78: Year 4 | I78: Year 5 | J78: Year 6 | K78: Year 7 | L78: Year 8 | M78: Year 9 | N78: Year 10 | O78: Year 11 | P78: Year 12 | Q78: Year 13 | R78: Year 14 | S78: Year 15 | T78: Year 16 | U78: Year 17 | V78: Year 18 | W78: Year 19 | X78: Year 20-25
D79: Residential | E79: 0 | F79: 0 | G79: 0 | H79: 0 | I79: 0 | J79: 0 | K79: 0 | L79: 0 | M79: 0 | N79: 0 | O79: 0 | P79: 0 | Q79: 0 | R79: 0 | S79: 0 | T79: 0 | U79: 0 | V79: 0 | W79: 0 | X79: 0
D80: General Service < 50kW | E80: 0 | F80: 0 | G80: 0 | H80: 0 | I80: 0 | J80: 0 | K80: 0 | L80: 0 | M80: 0 | N80: 0 | O80: 0 | P80: 0 | Q80: 0 | R80: 0 | S80: 0 | T80: 0 | U80: 0 | V80: 0 | W80: 0 | X80: 0
D81: General Service 50 to 2,999 kW | E81: 0 | F81: 0 | G81: 0 | H81: 0 | I81: 0 | J81: 0 | K81: 0 | L81: 0 | M81: 0 | N81: 0 | O81: 0 | P81: 0 | Q81: 0 | R81: 0 | S81: 0 | T81: 0 | U81: 0 | V81: 0 | W81: 0 | X81: 0
D82: General Service 3,000 to 4,999 kW | E82: 0 | F82: 0 | G82: 0 | H82: 0 | I82: 0 | J82: 0 | K82: 0 | L82: 0 | M82: 0 | N82: 0 | O82: 0 | P82: 0 | Q82: 0 | R82: 0 | S82: 0 | T82: 0 | U82: 0 | V82: 0 | W82: 0 | X82: 0
D83: Large User | E83: 0 | F83: 0 | G83: 0 | H83: 0 | I83: 0 | J83: 0 | K83: 0 | L83: 0 | M83: 0 | N83: 0 | O83: 0 | P83: 0 | Q83: 0 | R83: 0 | S83: 0 | T83: 0 | U83: 0 | V83: 0 | W83: 0 | X83: 0
D84: Other class - non-demand | E84: 0 | F84: 0 | G84: 0 | H84: 0 | I84: 0 | J84: 0 | K84: 0 | L84: 0 | M84: 0 | N84: 0 | O84: 0 | P84: 0 | Q84: 0 | R84: 0 | S84: 0 | T84: 0 | U84: 0 | V84: 0 | W84: 0 | X84: 0
D85: Other class - non-demand | E85: 0 | F85: 0 | G85: 0 | H85: 0 | I85: 0 | J85: 0 | K85: 0 | L85: 0 | M85: 0 | N85: 0 | O85: 0 | P85: 0 | Q85: 0 | R85: 0 | S85: 0 | T85: 0 | U85: 0 | V85: 0 | W85: 0 | X85: 0
D86: Other class - demand | E86: 0 | F86: 0 | G86: 0 | H86: 0 | I86: 0 | J86: 0 | K86: 0 | L86: 0 | M86: 0 | N86: 0 | O86: 0 | P86: 0 | Q86: 0 | R86: 0 | S86: 0 | T86: 0 | U86: 0 | V86: 0 | W86: 0 | X86: 0
D87: Other class - demand | E87: 0 | F87: 0 | G87: 0 | H87: 0 | I87: 0 | J87: 0 | K87: 0 | L87: 0 | M87: 0 | N87: 0 | O87: 0 | P87: 0 | Q87: 0 | R87: 0 | S87: 0 | T87: 0 | U87: 0 | V87: 0 | W87: 0 | X87: 0
A88: 10 | C88: Attributable incremental annual operating, maintenance and administration expenditures (per customer addition)
D89: Customer Class | E89: Year 1 | F89: Year 2 | G89: Year 3 | H89: Year 4 | I89: Year 5 | J89: Year 6 | K89: Year 7 | L89: Year 8 | M89: Year 9 | N89: Year 10 | O89: Year 11 | P89: Year 12 | Q89: Year 13 | R89: Year 14 | S89: Year 15 | T89: Year 16 | U89: Year 17 | V89: Year 18 | W89: Year 19 | X89: Year 20-25
D90: Residential | E90: =+Summary!D29 -> 175.00101 | F90: =+E90 -> 175.00101 | G90: =+F90 -> 175.00101 | H90: =+G90 -> 175.00101 | I90: =+H90 -> 175.00101 | J90: =+I90 -> 175.00101 | K90: =+J90 -> 175.00101 | L90: =+K90 -> 175.00101 | M90: =+L90 -> 175.00101 | ... X90: =+W90 -> 175.00101
D91: General Service < 50kW | E91: =+E90 -> 175.00101 | F91: =+E91 -> 175.00101 | G91: =+F91 -> 175.00101 | H91: =+G91 -> 175.00101 | I91: =+H91 -> 175.00101 | J91: =+I91 -> 175.00101 | K91: =+J91 -> 175.00101 | L91: =+K91 -> 175.00101 | M91: =+L91 -> 175.00101 | ... X91: =+W91 -> 175.00101
D92: General Service 50 to 2,999 kW | E92: =+E91 -> 175.00101 | F92: =+E92 -> 175.00101 | G92: =+F92 -> 175.00101 | H92: =+G92 -> 175.00101 | I92: =+H92 -> 175.00101 | J92: =+I92 -> 175.00101 | K92: =+J92 -> 175.00101 | L92: =+K92 -> 175.00101 | M92: =+L92 -> 175.00101 | ... X92: =+W92 -> 175.00101
D93: General Service 3,000 to 4,999 kW | E93: =+E92 -> 175.00101 | F93: =+E93 -> 175.00101 | G93: =+F93 -> 175.00101 | H93: =+G93 -> 175.00101 | I93: =+H93 -> 175.00101 | J93: =+I93 -> 175.00101 | K93: =+J93 -> 175.00101 | L93: =+K93 -> 175.00101 | M93: =+L93 -> 175.00101 | ... X93: =+W93 -> 175.00101
D94: Large User | E94: =+E92 -> 175.00101 | F94: =+E94 -> 175.00101 | G94: =+F94 -> 175.00101 | H94: =+G94 -> 175.00101 | I94: =+H94 -> 175.00101 | J94: =+I94 -> 175.00101 | K94: =+J94 -> 175.00101 | L94: =+K94 -> 175.00101 | M94: =+L94 -> 175.00101 | ... X94: =+W94 -> 175.00101
D95: Other class - non-demand
D96: Other class - non-demand
D97: Other class - demand
D98: Other class - demand
A99: 11 | C99: Discount rate data
D100: Incremental after-tax cost of capital | E100: Year 1 | F100: Year 2 | G100: Year 3 | H100: Year 4 | I100: Year 5 | J100: Year 6 | K100: Year 7 | L100: Year 8 | M100: Year 9 | N100: Year 10 | O100: Year 11 | P100: Year 12 | Q100: Year 13 | R100: Year 14 | S100: Year 15 | T100: Year 16 | U100: Year 17 | V100: Year 18 | W100: Year 19 | X100: Year 20-25
...

Sheet NPV Calculation
A1: Discount rate | D1: =+'Data Inputs'!E106 -> 0.054238 | E1: =+'Data Inputs'!F106 -> 0.054238 | F1: =+'Data Inputs'!G106 -> 0.054238 | G1: =+'Data Inputs'!H106 -> 0.054238 | H1: =+'Data Inputs'!I106 -> 0.054238 | I1: =+'Data Inputs'!J106 -> 0.054238 | J1: =+'Data Inputs'!K106 -> 0.054238 | K1: =+'Data Inputs'!L106 -> 0.054238 | ... W1: =+'Data Inputs'!X106 -> 0.054238 | X1: =W1 -> 0.054238 | Y1: =X1 -> 0.054238 | Z1: =Y1 -> 0.054238 | AA1: =Z1 -> 0.054238 | AB1: =AA1 -> 0.054238
A2: Present value factor - end of year | D2: =ROUND(1/((1+D1)^D5),5) -> 0.94855 | E2: =ROUND(1/((1+E1)^E5),5) -> 0.89975 | F2: =ROUND(1/((1+F1)^F5),5) -> 0.85346 | G2: =ROUND(1/((1+G1)^G5),5) -> 0.80955 | H2: =ROUND(1/((1+H1)^H5),5) -> 0.7679 | I2: =ROUND(1/((1+I1)^I5),5) -> 0.7284 | J2: =ROUND(1/((1+J1)^J5),5) -> 0.69092 | K2: =ROUND(1/((1+K1)^K5),5) -> 0.65538 | ... AB2: =ROUND(1/((1+AB1)^AB5),5) -> 0.26701
A3: Present value factor - mid-year | D3: =ROUND((1+D1)^-(D5-0.5),5) -> 0.97394 | E3: =ROUND((1+E1)^-(E5-0.5),5) -> 0.92383 | F3: =ROUND((1+F1)^-(F5-0.5),5) -> 0.8763 | G3: =ROUND((1+G1)^-(G5-0.5),5) -> 0.83122 | H3: =ROUND((1+H1)^-(H5-0.5),5) -> 0.78845 | I3: =ROUND((1+I1)^-(I5-0.5),5) -> 0.74789 | J3: =ROUND((1+J1)^-(J5-0.5),5) -> 0.70941 | K3: =ROUND((1+K1)^-(K5-0.5),5) -> 0.67291 | ... AB3: =ROUND((1+AB1)^-(AB5-0.5),5) -> 0.27416
D4: YEAR 1 | E4: YEAR 2 | F4: YEAR 3 | G4: YEAR 4 | H4: YEAR 5 | I4: YEAR 6 | J4: YEAR 7 | K4: YEAR 8 | L4: YEAR 9 | M4: YEAR 10 | N4: YEAR 11 | O4: YEAR 12 | P4: YEAR 13 | Q4: YEAR 14 | R4: YEAR 15 | S4: YEAR 16 | T4: YEAR 17 | U4: YEAR 18 | V4: YEAR 19 | W4: YEAR 20 | X4: YEAR 21 | Y4: YEAR 22 | Z4: YEAR 23 | AA4: YEAR 24 | AB4: YEAR 25
C5: Total | D5: 1 | E5: 2 | F5: 3 | G5: 4 | H5: 5 | I5: 6 | J5: 7 | K5: 8 | L5: 9 | M5: 10 | N5: 11 | O5: 12 | P5: 13 | Q5: 14 | R5: 15 | S5: 16 | T5: 17 | U5: 18 | V5: 19 | W5: 20 | X5: 21 | Y5: 22 | Z5: 23 | AA5: 24 | AB5: 25
A6: OPERATIONS
A7: Customers
B8: Residential | C8: =+AB8 -> 0 | D8: ='Data Inputs'!E7/2 -> 0 | E8: =D8+'Data Inputs'!E7/2+'Data Inputs'!F7/2 -> 0 | F8: =E8+'Data Inputs'!F7/2+'Data Inputs'!G7/2 -> 0 | G8: =F8+'Data Inputs'!G7/2+'Data Inputs'!H7/2 -> 0 | H8: =G8+'Data Inputs'!H7/2+'Data Inputs'!I7/2 -> 0 | I8: =H8+'Data Inputs'!I7/2+'Data Inputs'!J7/2 -> 0 | J8: =I8+'Data Inputs'!J7/2+'Data Inputs'!K7/2 -> 0 | K8: =J8+'Data Inputs'!K7/2+'Data Inputs'!L7/2 -> 0 | L8: =K8+'Data Inputs'!L7/2+'Data Inputs'!M7/2 -> 0 | ... AB8: =AA8+'Data Inputs'!AB7/2+'Data Inputs'!AC7/2 -> 0
B9: General Service < 50kW | C9: =+AB9 -> 0 | D9: ='Data Inputs'!E8/2 -> 0 | E9: =D9+'Data Inputs'!E8/2+'Data Inputs'!F8/2 -> 0 | F9: =E9+'Data Inputs'!F8/2+'Data Inputs'!G8/2 -> 0 | G9: =F9+'Data Inputs'!G8/2+'Data Inputs'!H8/2 -> 0 | H9: =G9+'Data Inputs'!H8/2+'Data Inputs'!I8/2 -> 0 | I9: =H9+'Data Inputs'!I8/2+'Data Inputs'!J8/2 -> 0 | J9: =I9+'Data Inputs'!J8/2+'Data Inputs'!K8/2 -> 0 | K9: =J9+'Data Inputs'!K8/2+'Data Inputs'!L8/2 -> 0 | L9: =K9+'Data Inputs'!L8/2+'Data Inputs'!M8/2 -> 0 | ... AB9: =AA9+'Data Inputs'!AB8/2+'Data Inputs'!AC8/2 -> 0
B10: General Service 50 to 2,999 kW | C10: =+AB10 -> 0 | D10: ='Data Inputs'!E9/2 -> 0 | E10: =D10+'Data Inputs'!E9/2+'Data Inputs'!F9/2 -> 0 | F10: =E10+'Data Inputs'!F9/2+'Data Inputs'!G9/2 -> 0 | G10: =F10+'Data Inputs'!G9/2+'Data Inputs'!H9/2 -> 0 | H10: =G10+'Data Inputs'!H9/2+'Data Inputs'!I9/2 -> 0 | I10: =H10+'Data Inputs'!I9/2+'Data Inputs'!J9/2 -> 0 | J10: =I10+'Data Inputs'!J9/2+'Data Inputs'!K9/2 -> 0 | K10: =J10+'Data Inputs'!K9/2+'Data Inputs'!L9/2 -> 0 | L10: =K10+'Data Inputs'!L9/2+'Data Inputs'!M9/2 -> 0 | ... AB10: =AA10+'Data Inputs'!AB9/2+'Data Inputs'!AC9/2 -> 0
B11: General Service 3,000 to 4,999 kW | C11: =+AB11 -> 3 | D11: ='Data Inputs'!E10/2 -> 0.5 | E11: =D11+'Data Inputs'!E10/2+'Data Inputs'!F10/2 -> 1.5 | F11: =E11+'Data Inputs'!F10/2+'Data Inputs'!G10/2 -> 2.5 | G11: =F11+'Data Inputs'!G10/2+'Data Inputs'!H10/2 -> 3 | H11: =G11+'Data Inputs'!H10/2+'Data Inputs'!I10/2 -> 3 | I11: =H11+'Data Inputs'!I10/2+'Data Inputs'!J10/2 -> 3 | J11: =I11+'Data Inputs'!J10/2+'Data Inputs'!K10/2 -> 3 | K11: =J11+'Data Inputs'!K10/2+'Data Inputs'!L10/2 -> 3 | L11: =K11+'Data Inputs'!L10/2+'Data Inputs'!M10/2 -> 3 | ... AB11: =AA11+'Data Inputs'!AB10/2+'Data Inputs'!AC10/2 -> 3
B12: Large User | C12: =+AB12 -> 0 | D12: ='Data Inputs'!E11/2 -> 0 | E12: =D12+'Data Inputs'!E11/2+'Data Inputs'!F11/2 -> 0 | F12: =E12+'Data Inputs'!F11/2+'Data Inputs'!G11/2 -> 0 | G12: =F12+'Data Inputs'!G11/2+'Data Inputs'!H11/2 -> 0 | H12: =G12+'Data Inputs'!H11/2+'Data Inputs'!I11/2 -> 0 | I12: =H12+'Data Inputs'!I11/2+'Data Inputs'!J11/2 -> 0 | J12: =I12+'Data Inputs'!J11/2+'Data Inputs'!K11/2 -> 0 | K12: =J12+'Data Inputs'!K11/2+'Data Inputs'!L11/2 -> 0 | L12: =K12+'Data Inputs'!L11/2+'Data Inputs'!M11/2 -> 0 | ... AB12: =AA12+'Data Inputs'!AB11/2+'Data Inputs'!AC11/2 -> 0
B13: Other class - non-demand | C13: =+AB13 -> 0 | D13: ='Data Inputs'!E12/2 -> 0 | E13: =D13+'Data Inputs'!E12/2+'Data Inputs'!F12/2 -> 0 | F13: =E13+'Data Inputs'!F12/2+'Data Inputs'!G12/2 -> 0 | G13: =F13+'Data Inputs'!G12/2+'Data Inputs'!H12/2 -> 0 | H13: =G13+'Data Inputs'!H12/2+'Data Inputs'!I12/2 -> 0 | I13: =H13+'Data Inputs'!I12/2+'Data Inputs'!J12/2 -> 0 | J13: =I13+'Data Inputs'!J12/2+'Data Inputs'!K12/2 -> 0 | K13: =J13+'Data Inputs'!K12/2+'Data Inputs'!L12/2 -> 0 | L13: =K13+'Data Inputs'!L12/2+'Data Inputs'!M12/2 -> 0 | ... AB13: =AA13+'Data Inputs'!AB12/2+'Data Inputs'!AC12/2 -> 0
B14: Other class - non-demand | C14: =+AB14 -> 0 | D14: ='Data Inputs'!E13/2 -> 0 | E14: =D14+'Data Inputs'!E13/2+'Data Inputs'!F13/2 -> 0 | F14: =E14+'Data Inputs'!F13/2+'Data Inputs'!G13/2 -> 0 | G14: =F14+'Data Inputs'!G13/2+'Data Inputs'!H13/2 -> 0 | H14: =G14+'Data Inputs'!H13/2+'Data Inputs'!I13/2 -> 0 | I14: =H14+'Data Inputs'!I13/2+'Data Inputs'!J13/2 -> 0 | J14: =I14+'Data Inputs'!J13/2+'Data Inputs'!K13/2 -> 0 | K14: =J14+'Data Inputs'!K13/2+'Data Inputs'!L13/2 -> 0 | L14: =K14+'Data Inputs'!L13/2+'Data Inputs'!M13/2 -> 0 | ... AB14: =AA14+'Data Inputs'!AB13/2+'Data Inputs'!AC13/2 -> 0
B15: Other class - demand | C15: =+AB15 -> 0 | D15: ='Data Inputs'!E14/2 -> 0 | E15: =D15+'Data Inputs'!E14/2+'Data Inputs'!F14/2 -> 0 | F15: =E15+'Data Inputs'!F14/2+'Data Inputs'!G14/2 -> 0 | G15: =F15+'Data Inputs'!G14/2+'Data Inputs'!H14/2 -> 0 | H15: =G15+'Data Inputs'!H14/2+'Data Inputs'!I14/2 -> 0 | I15: =H15+'Data Inputs'!I14/2+'Data Inputs'!J14/2 -> 0 | J15: =I15+'Data Inputs'!J14/2+'Data Inputs'!K14/2 -> 0 | K15: =J15+'Data Inputs'!K14/2+'Data Inputs'!L14/2 -> 0 | L15: =K15+'Data Inputs'!L14/2+'Data Inputs'!M14/2 -> 0 | ... AB15: =AA15+'Data Inputs'!AB14/2+'Data Inputs'!AC14/2 -> 0
B16: Other class - demand | C16: =+AB16 -> 0 | D16: ='Data Inputs'!E15/2 -> 0 | E16: =D16+'Data Inputs'!E15/2+'Data Inputs'!F15/2 -> 0 | F16: =E16+'Data Inputs'!F15/2+'Data Inputs'!G15/2 -> 0 | G16: =F16+'Data Inputs'!G15/2+'Data Inputs'!H15/2 -> 0 | H16: =G16+'Data Inputs'!H15/2+'Data Inputs'!I15/2 -> 0 | I16: =H16+'Data Inputs'!I15/2+'Data Inputs'!J15/2 -> 0 | J16: =I16+'Data Inputs'!J15/2+'Data Inputs'!K15/2 -> 0 | K16: =J16+'Data Inputs'!K15/2+'Data Inputs'!L15/2 -> 0 | L16: =K16+'Data Inputs'!L15/2+'Data Inputs'!M15/2 -> 0 | ... AB16: =AA16+'Data Inputs'!AB15/2+'Data Inputs'!AC15/2 -> 0
B17: Total Customers | C17: =SUM(C8:C16) -> 3 | D17: =SUM(D8:D16) -> 0.5 | E17: =SUM(E8:E16) -> 1.5 | F17: =SUM(F8:F16) -> 2.5 | G17: =SUM(G8:G16) -> 3 | H17: =SUM(H8:H16) -> 3 | I17: =SUM(I8:I16) -> 3 | J17: =SUM(J8:J16) -> 3 | ... AB17: =SUM(AB8:AB16) -> 3
A18: Customer revenue - fixed charge rate
B19: Residential | C19: =SUM(D19:AB19) -> 0 | D19: =D8*'Data Inputs'!E31*12 -> 0 | E19: =E8*'Data Inputs'!F31*12 -> 0 | F19: =F8*'Data Inputs'!G31*12 -> 0 | G19: =G8*'Data Inputs'!H31*12 -> 0 | H19: =H8*'Data Inputs'!I31*12 -> 0 | I19: =I8*'Data Inputs'!J31*12 -> 0 | J19: =J8*'Data Inputs'!K31*12 -> 0 | K19: =K8*'Data Inputs'!L31*12 -> 0 | ... V19: =V8*'Data Inputs'!W31*12 -> 0 | W19: =W8*'Data Inputs'!$X$31*12 -> 0 | X19: =X8*'Data Inputs'!$X$31*12 -> 0 | Y19: =Y8*'Data Inputs'!$X$31*12 -> 0 | Z19: =Z8*'Data Inputs'!$X$31*12 -> 0 | AA19: =AA8*'Data Inputs'!$X$31*12 -> 0 | AB19: =AB8*'Data Inputs'!$X$31*12 -> 0
B20: General Service < 50kW | C20: =SUM(D20:AB20) -> 0 | D20: =D9*'Data Inputs'!E32*12 -> 0 | E20: =E9*'Data Inputs'!F32*12 -> 0 | F20: =F9*'Data Inputs'!G32*12 -> 0 | G20: =G9*'Data Inputs'!H32*12 -> 0 | H20: =H9*'Data Inputs'!I32*12 -> 0 | I20: =I9*'Data Inputs'!J32*12 -> 0 | J20: =J9*'Data Inputs'!K32*12 -> 0 | K20: =K9*'Data Inputs'!L32*12 -> 0 | ... V20: =V9*'Data Inputs'!W32*12 -> 0 | W20: =W9*'Data Inputs'!$X$32*12 -> 0 | X20: =X9*'Data Inputs'!$X$32*12 -> 0 | Y20: =Y9*'Data Inputs'!$X$32*12 -> 0 | Z20: =Z9*'Data Inputs'!$X$32*12 -> 0 | AA20: =AA9*'Data Inputs'!$X$32*12 -> 0 | AB20: =AB9*'Data Inputs'!$X$32*12 -> 0
B21: General Service 50 to 2,999 kW | C21: =SUM(D21:AB21) -> 0 | D21: =D10*'Data Inputs'!E33*12 -> 0 | E21: =E10*'Data Inputs'!F33*12 -> 0 | F21: =F10*'Data Inputs'!G33*12 -> 0 | G21: =G10*'Data Inputs'!H33*12 -> 0 | H21: =H10*'Data Inputs'!I33*12 -> 0 | I21: =I10*'Data Inputs'!J33*12 -> 0 | J21: =J10*'Data Inputs'!K33*12 -> 0 | K21: =K10*'Data Inputs'!L33*12 -> 0 | ... V21: =V10*'Data Inputs'!W33*12 -> 0 | W21: =W10*'Data Inputs'!$X$33*12 -> 0 | X21: =X10*'Data Inputs'!$X$33*12 -> 0 | Y21: =Y10*'Data Inputs'!$X$33*12 -> 0 | Z21: =Z10*'Data Inputs'!$X$33*12 -> 0 | AA21: =AA10*'Data Inputs'!$X$33*12 -> 0 | AB21: =AB10*'Data Inputs'!$X$33*12 -> 0
B22: General Service 3,000 to 4,999 kW | C22: =SUM(D22:AB22) -> 6038468.8 | D22: =D11*'Data Inputs'!E34*12 -> 42826.02 | E22: =E11*'Data Inputs'!F34*12 -> 128478.06 | F22: =F11*'Data Inputs'!G34*12 -> 214130.1 | G22: =G11*'Data Inputs'!H34*12 -> 256956.12 | H22: =H11*'Data Inputs'!I34*12 -> 256956.12 | I22: =I11*'Data Inputs'!J34*12 -> 256956.12 | J22: =J11*'Data Inputs'!K34*12 -> 256956.12 | K22: =K11*'Data Inputs'!L34*12 -> 256956.12 | ... V22: =V11*'Data Inputs'!W34*12 -> 256956.12 | W22: =W11*'Data Inputs'!$X$34*12 -> 256956.12 | X22: =X11*'Data Inputs'!$X$34*12 -> 256956.12 | Y22: =Y11*'Data Inputs'!$X$34*12 -> 256956.12 | Z22: =Z11*'Data Inputs'!$X$34*12 -> 256956.12 | AA22: =AA11*'Data Inputs'!$X$34*12 -> 256956.12 | AB22: =AB11*'Data Inputs'!$X$34*12 -> 256956.12
B23: Large User | C23: =SUM(D23:AB23) -> 0 | D23: =D12*'Data Inputs'!E35*12 -> 0 | E23: =E12*'Data Inputs'!F35*12 -> 0 | F23: =F12*'Data Inputs'!G35*12 -> 0 | G23: =G12*'Data Inputs'!H35*12 -> 0 | H23: =H12*'Data Inputs'!I35*12 -> 0 | I23: =I12*'Data Inputs'!J35*12 -> 0 | J23: =J12*'Data Inputs'!K35*12 -> 0 | K23: =K12*'Data Inputs'!L35*12 -> 0 | ... V23: =V12*'Data Inputs'!W35*12 -> 0 | W23: =W12*'Data Inputs'!$X$35*12 -> 0 | X23: =X12*'Data Inputs'!$X$35*12 -> 0 | Y23: =Y12*'Data Inputs'!$X$35*12 -> 0 | Z23: =Z12*'Data Inputs'!$X$35*12 -> 0 | AA23: =AA12*'Data Inputs'!$X$35*12 -> 0 | AB23: =AB12*'Data Inputs'!$X$35*12 -> 0
B24: Other class - non-demand | C24: =SUM(D24:AB24) -> 0 | D24: =D13*'Data Inputs'!E36*12 -> 0 | E24: =E13*'Data Inputs'!F36*12 -> 0 | F24: =F13*'Data Inputs'!G36*12 -> 0 | G24: =G13*'Data Inputs'!H36*12 -> 0 | H24: =H13*'Data Inputs'!I36*12 -> 0 | I24: =I13*'Data Inputs'!J36*12 -> 0 | J24: =J13*'Data Inputs'!K36*12 -> 0 | K24: =K13*'Data Inputs'!L36*12 -> 0 | ... V24: =V13*'Data Inputs'!W36*12 -> 0 | W24: =W13*'Data Inputs'!$X$36*12 -> 0 | X24: =X13*'Data Inputs'!$X$36*12 -> 0 | Y24: =Y13*'Data Inputs'!$X$36*12 -> 0 | Z24: =Z13*'Data Inputs'!$X$36*12 -> 0 | AA24: =AA13*'Data Inputs'!$X$36*12 -> 0 | AB24: =AB13*'Data Inputs'!$X$36*12 -> 0
B25: Other class - non-demand | C25: =SUM(D25:AB25) -> 0 | D25: =D14*'Data Inputs'!E37*12 -> 0 | E25: =E14*'Data Inputs'!F37*12 -> 0 | F25: =F14*'Data Inputs'!G37*12 -> 0 | G25: =G14*'Data Inputs'!H37*12 -> 0 | H25: =H14*'Data Inputs'!I37*12 -> 0 | I25: =I14*'Data Inputs'!J37*12 -> 0 | J25: =J14*'Data Inputs'!K37*12 -> 0 | K25: =K14*'Data Inputs'!L37*12 -> 0 | ... V25: =V14*'Data Inputs'!W37*12 -> 0 | W25: =W14*'Data Inputs'!$X$37*12 -> 0 | X25: =X14*'Data Inputs'!$X$37*12 -> 0 | Y25: =Y14*'Data Inputs'!$X$37*12 -> 0 | Z25: =Z14*'Data Inputs'!$X$37*12 -> 0 | AA25: =AA14*'Data Inputs'!$X$37*12 -> 0 | AB25: =AB14*'Data Inputs'!$X$37*12 -> 0
B26: Other class - demand | C26: =SUM(D26:AB26) -> 0 | D26: =D15*'Data Inputs'!E38*12 -> 0 | E26: =E15*'Data Inputs'!F38*12 -> 0 | F26: =F15*'Data Inputs'!G38*12 -> 0 | G26: =G15*'Data Inputs'!H38*12 -> 0 | H26: =H15*'Data Inputs'!I38*12 -> 0 | I26: =I15*'Data Inputs'!J38*12 -> 0 | J26: =J15*'Data Inputs'!K38*12 -> 0 | K26: =K15*'Data Inputs'!L38*12 -> 0 | ... V26: =V15*'Data Inputs'!W38*12 -> 0 | W26: =W15*'Data Inputs'!$X$38*12 -> 0 | X26: =X15*'Data Inputs'!$X$38*12 -> 0 | Y26: =Y15*'Data Inputs'!$X$38*12 -> 0 | Z26: =Z15*'Data Inputs'!$X$38*12 -> 0 | AA26: =AA15*'Data Inputs'!$X$38*12 -> 0 | AB26: =AB15*'Data Inputs'!$X$38*12 -> 0
B27: Other class - demand | C27: =SUM(D27:AB27) -> 0 | D27: =D16*'Data Inputs'!E39*12 -> 0 | E27: =E16*'Data Inputs'!F39*12 -> 0 | F27: =F16*'Data Inputs'!G39*12 -> 0 | G27: =G16*'Data Inputs'!H39*12 -> 0 | H27: =H16*'Data Inputs'!I39*12 -> 0 | I27: =I16*'Data Inputs'!J39*12 -> 0 | J27: =J16*'Data Inputs'!K39*12 -> 0 | K27: =K16*'Data Inputs'!L39*12 -> 0 | ... V27: =V16*'Data Inputs'!W39*12 -> 0 | W27: =W16*'Data Inputs'!$X$39*12 -> 0 | X27: =X16*'Data Inputs'!$X$39*12 -> 0 | Y27: =Y16*'Data Inputs'!$X$39*12 -> 0 | Z27: =Z16*'Data Inputs'!$X$39*12 -> 0 | AA27: =AA16*'Data Inputs'!$X$39*12 -> 0 | AB27: =AB16*'Data Inputs'!$X$39*12 -> 0
B28: Total fixed charge revenue | C28: =SUM(C19:C27) -> 6038468.8 | D28: =SUM(D19:D27) -> 42826.02 | E28: =SUM(E19:E27) -> 128478.06 | F28: =SUM(F19:F27) -> 214130.1 | G28: =SUM(G19:G27) -> 256956.12 | H28: =SUM(H19:H27) -> 256956.12 | I28: =SUM(I19:I27) -> 256956.12 | J28: =SUM(J19:J27) -> 256956.12 | ... AB28: =SUM(AB19:AB27) -> 256956.12
A29: Customer revenue - variable charge rate
B30: Residential | C30: =SUM(D30:AB30) -> 0 | D30: =D8*'Data Inputs'!E18*'Data Inputs'!E42*12 -> 0 | E30: =E8*'Data Inputs'!F18*'Data Inputs'!F42*12 -> 0 | F30: =F8*'Data Inputs'!G18*'Data Inputs'!G42*12 -> 0 | G30: =G8*'Data Inputs'!H18*'Data Inputs'!H42*12 -> 0 | H30: =H8*'Data Inputs'!I18*'Data Inputs'!I42*12 -> 0 | I30: =I8*'Data Inputs'!J18*'Data Inputs'!J42*12 -> 0 | J30: =J8*'Data Inputs'!K18*'Data Inputs'!K42*12 -> 0 | K30: =K8*'Data Inputs'!L18*'Data Inputs'!L42*12 -> 0 | ... V30: =V8*'Data Inputs'!W18*'Data Inputs'!W42*12 -> 0 | W30: =W8*'Data Inputs'!$X$18*'Data Inputs'!$X$42*12 -> 0 | X30: =X8*'Data Inputs'!$X$18*'Data Inputs'!$X$42*12 -> 0 | Y30: =Y8*'Data Inputs'!$X$18*'Data Inputs'!$X$42*12 -> 0 | Z30: =Z8*'Data Inputs'!$X$18*'Data Inputs'!$X$42*12 -> 0 | AA30: =AA8*'Data Inputs'!$X$18*'Data Inputs'!$X$42*12 -> 0 | AB30: =AB8*'Data Inputs'!$X$18*'Data Inputs'!$X$42*12 -> 0
B31: General Service < 50kW | C31: =SUM(D31:AB31) -> 0 | D31: =D9*'Data Inputs'!E19*'Data Inputs'!E43*12 -> 0 | E31: =E9*'Data Inputs'!F19*'Data Inputs'!F43*12 -> 0 | F31: =F9*'Data Inputs'!G19*'Data Inputs'!G43*12 -> 0 | G31: =G9*'Data Inputs'!H19*'Data Inputs'!H43*12 -> 0 | H31: =H9*'Data Inputs'!I19*'Data Inputs'!I43*12 -> 0 | I31: =I9*'Data Inputs'!J19*'Data Inputs'!J43*12 -> 0 | J31: =J9*'Data Inputs'!K19*'Data Inputs'!K43*12 -> 0 | K31: =K9*'Data Inputs'!L19*'Data Inputs'!L43*12 -> 0 | ... V31: =V9*'Data Inputs'!W19*'Data Inputs'!W43*12 -> 0 | W31: =W9*'Data Inputs'!$X$19*'Data Inputs'!$X$43*12 -> 0 | X31: =X9*'Data Inputs'!$X$19*'Data Inputs'!$X$43*12 -> 0 | Y31: =Y9*'Data Inputs'!$X$19*'Data Inputs'!$X$43*12 -> 0 | Z31: =Z9*'Data Inputs'!$X$19*'Data Inputs'!$X$43*12 -> 0 | AA31: =AA9*'Data Inputs'!$X$19*'Data Inputs'!$X$43*12 -> 0 | AB31: =AB9*'Data Inputs'!$X$19*'Data Inputs'!$X$43*12 -> 0
B32: General Service 50 to 2,999 kW | C32: =SUM(D32:AB32) -> 0 | D32: =D10*'Data Inputs'!E24*'Data Inputs'!E48*12 -> 0 | E32: =E10*'Data Inputs'!F24*'Data Inputs'!F48*12 -> 0 | F32: =F10*'Data Inputs'!G24*'Data Inputs'!G48*12 -> 0 | G32: =G10*'Data Inputs'!H24*'Data Inputs'!H48*12 -> 0 | H32: =H10*'Data Inputs'!I24*'Data Inputs'!I48*12 -> 0 | I32: =I10*'Data Inputs'!J24*'Data Inputs'!J48*12 -> 0 | J32: =J10*'Data Inputs'!K24*'Data Inputs'!K48*12 -> 0 | K32: =K10*'Data Inputs'!L24*'Data Inputs'!L48*12 -> 0 | ... V32: =V10*'Data Inputs'!W24*'Data Inputs'!W48*12 -> 0 | W32: =W10*'Data Inputs'!$X$24*'Data Inputs'!$X$48*12 -> 0 | X32: =X10*'Data Inputs'!$X$24*'Data Inputs'!$X$48*12 -> 0 | Y32: =Y10*'Data Inputs'!$X$24*'Data Inputs'!$X$48*12 -> 0 | Z32: =Z10*'Data Inputs'!$X$24*'Data Inputs'!$X$48*12 -> 0 | AA32: =AA10*'Data Inputs'!$X$24*'Data Inputs'!$X$48*12 -> 0 | AB32: =AB10*'Data Inputs'!$X$24*'Data Inputs'!$X$48*12 -> 0
B33: General Service 3,000 to 4,999 kW | C33: =SUM(D33:AB33) -> 10703282 | D33: =D11*'Data Inputs'!E25*'Data Inputs'!E49*12 -> 47151.024 | E33: =E11*'Data Inputs'!F25*'Data Inputs'!F49*12 -> 141453.07 | F33: =F11*'Data Inputs'!G25*'Data Inputs'!G49*12 -> 235755.12 | G33: =G11*'Data Inputs'!H25*'Data Inputs'!H49*12 -> 377208.19 | H33: =H11*'Data Inputs'!I25*'Data Inputs'!I49*12 -> 471510.24 | I33: =I11*'Data Inputs'!J25*'Data Inputs'!J49*12 -> 471510.24 | J33: =J11*'Data Inputs'!K25*'Data Inputs'!K49*12 -> 471510.24 | K33: =K11*'Data Inputs'!L25*'Data Inputs'!L49*12 -> 471510.24 | ... V33: =V11*'Data Inputs'!W25*'Data Inputs'!W49*12 -> 471510.24 | W33: =W11*'Data Inputs'!$X$25*'Data Inputs'!$X$49*12 -> 471510.24 | X33: =X11*'Data Inputs'!$X$25*'Data Inputs'!$X$49*12 -> 471510.24 | Y33: =Y11*'Data Inputs'!$X$25*'Data Inputs'!$X$49*12 -> 471510.24 | Z33: =Z11*'Data Inputs'!$X$25*'Data Inputs'!$X$49*12 -> 471510.24 | AA33: =AA11*'Data Inputs'!$X$25*'Data Inputs'!$X$49*12 -> 471510.24 | AB33: =AB11*'Data Inputs'!$X$25*'Data Inputs'!$X$49*12 -> 471510.24
B34: Large User | C34: =SUM(D34:AB34) -> 0 | D34: =D12*'Data Inputs'!E26*'Data Inputs'!E50*12 -> 0 | E34: =E12*'Data Inputs'!F26*'Data Inputs'!F50*12 -> 0 | F34: =F12*'Data Inputs'!G26*'Data Inputs'!G50*12 -> 0 | G34: =G12*'Data Inputs'!H26*'Data Inputs'!H50*12 -> 0 | H34: =H12*'Data Inputs'!I26*'Data Inputs'!I50*12 -> 0 | I34: =I12*'Data Inputs'!J26*'Data Inputs'!J50*12 -> 0 | J34: =J12*'Data Inputs'!K26*'Data Inputs'!K50*12 -> 0 | K34: =K12*'Data Inputs'!L26*'Data Inputs'!L50*12 -> 0 | ... V34: =V12*'Data Inputs'!W26*'Data Inputs'!W50*12 -> 0 | W34: =W12*'Data Inputs'!$X$26*'Data Inputs'!$X$50*12 -> 0 | X34: =X12*'Data Inputs'!$X$26*'Data Inputs'!$X$50*12 -> 0 | Y34: =Y12*'Data Inputs'!$X$26*'Data Inputs'!$X$50*12 -> 0 | Z34: =Z12*'Data Inputs'!$X$26*'Data Inputs'!$X$50*12 -> 0 | AA34: =AA12*'Data Inputs'!$X$26*'Data Inputs'!$X$50*12 -> 0 | AB34: =AB12*'Data Inputs'!$X$26*'Data Inputs'!$X$50*12 -> 0
B35: Other class - non-demand | C35: =SUM(D35:AB35) -> 0 | D35: =D13*'Data Inputs'!E20*'Data Inputs'!E44*12 -> 0 | E35: =E13*'Data Inputs'!F20*'Data Inputs'!F44*12 -> 0 | F35: =F13*'Data Inputs'!G20*'Data Inputs'!G44*12 -> 0 | G35: =G13*'Data Inputs'!H20*'Data Inputs'!H44*12 -> 0 | H35: =H13*'Data Inputs'!I20*'Data Inputs'!I44*12 -> 0 | I35: =I13*'Data Inputs'!J20*'Data Inputs'!J44*12 -> 0 | J35: =J13*'Data Inputs'!K20*'Data Inputs'!K44*12 -> 0 | K35: =K13*'Data Inputs'!L20*'Data Inputs'!L44*12 -> 0 | ... V35: =V13*'Data Inputs'!W20*'Data Inputs'!W44*12 -> 0 | W35: =W13*'Data Inputs'!$X$20*'Data Inputs'!$X$44*12 -> 0 | X35: =X13*'Data Inputs'!$X$20*'Data Inputs'!$X$44*12 -> 0 | Y35: =Y13*'Data Inputs'!$X$20*'Data Inputs'!$X$44*12 -> 0 | Z35: =Z13*'Data Inputs'!$X$20*'Data Inputs'!$X$44*12 -> 0 | AA35: =AA13*'Data Inputs'!$X$20*'Data Inputs'!$X$44*12 -> 0 | AB35: =AB13*'Data Inputs'!$X$20*'Data Inputs'!$X$44*12 -> 0
B36: Other class - non-demand | C36: =SUM(D36:AB36) -> 0 | D36: =D14*'Data Inputs'!E21*'Data Inputs'!E45*12 -> 0 | E36: =E14*'Data Inputs'!F21*'Data Inputs'!F45*12 -> 0 | F36: =F14*'Data Inputs'!G21*'Data Inputs'!G45*12 -> 0 | G36: =G14*'Data Inputs'!H21*'Data Inputs'!H45*12 -> 0 | H36: =H14*'Data Inputs'!I21*'Data Inputs'!I45*12 -> 0 | I36: =I14*'Data Inputs'!J21*'Data Inputs'!J45*12 -> 0 | J36: =J14*'Data Inputs'!K21*'Data Inputs'!K45*12 -> 0 | K36: =K14*'Data Inputs'!L21*'Data Inputs'!L45*12 -> 0 | ... V36: =V14*'Data Inputs'!W21*'Data Inputs'!W45*12 -> 0 | W36: =W14*'Data Inputs'!$X$21*'Data Inputs'!$X$45*12 -> 0 | X36: =X14*'Data Inputs'!$X$21*'Data Inputs'!$X$45*12 -> 0 | Y36: =Y14*'Data Inputs'!$X$21*'Data Inputs'!$X$45*12 -> 0 | Z36: =Z14*'Data Inputs'!$X$21*'Data Inputs'!$X$45*12 -> 0 | AA36: =AA14*'Data Inputs'!$X$21*'Data Inputs'!$X$45*12 -> 0 | AB36: =AB14*'Data Inputs'!$X$21*'Data Inputs'!$X$45*12 -> 0
B37: Other class - demand | C37: =SUM(D37:AB37) -> 0 | D37: =D15*'Data Inputs'!E27*'Data Inputs'!E51*12 -> 0 | E37: =E15*'Data Inputs'!F27*'Data Inputs'!F51*12 -> 0 | F37: =F15*'Data Inputs'!G27*'Data Inputs'!G51*12 -> 0 | G37: =G15*'Data Inputs'!H27*'Data Inputs'!H51*12 -> 0 | H37: =H15*'Data Inputs'!I27*'Data Inputs'!I51*12 -> 0 | I37: =I15*'Data Inputs'!J27*'Data Inputs'!J51*12 -> 0 | J37: =J15*'Data Inputs'!K27*'Data Inputs'!K51*12 -> 0 | K37: =K15*'Data Inputs'!L27*'Data Inputs'!L51*12 -> 0 | ... V37: =V15*'Data Inputs'!W27*'Data Inputs'!W51*12 -> 0 | W37: =W15*'Data Inputs'!$X$27*'Data Inputs'!$X$51*12 -> 0 | X37: =X15*'Data Inputs'!$X$27*'Data Inputs'!$X$51*12 -> 0 | Y37: =Y15*'Data Inputs'!$X$27*'Data Inputs'!$X$51*12 -> 0 | Z37: =Z15*'Data Inputs'!$X$27*'Data Inputs'!$X$51*12 -> 0 | AA37: =AA15*'Data Inputs'!$X$27*'Data Inputs'!$X$51*12 -> 0 | AB37: =AB15*'Data Inputs'!$X$27*'Data Inputs'!$X$51*12 -> 0
B38: Other class - demand | C38: =SUM(D38:AB38) -> 0 | D38: =D16*'Data Inputs'!E28*'Data Inputs'!E52*12 -> 0 | E38: =E16*'Data Inputs'!F28*'Data Inputs'!F52*12 -> 0 | F38: =F16*'Data Inputs'!G28*'Data Inputs'!G52*12 -> 0 | G38: =G16*'Data Inputs'!H28*'Data Inputs'!H52*12 -> 0 | H38: =H16*'Data Inputs'!I28*'Data Inputs'!I52*12 -> 0 | I38: =I16*'Data Inputs'!J28*'Data Inputs'!J52*12 -> 0 | J38: =J16*'Data Inputs'!K28*'Data Inputs'!K52*12 -> 0 | K38: =K16*'Data Inputs'!L28*'Data Inputs'!L52*12 -> 0 | ... V38: =V16*'Data Inputs'!W28*'Data Inputs'!W52*12 -> 0 | W38: =W16*'Data Inputs'!$X$28*'Data Inputs'!$X$52*12 -> 0 | X38: =X16*'Data Inputs'!$X$28*'Data Inputs'!$X$52*12 -> 0 | Y38: =Y16*'Data Inputs'!$X$28*'Data Inputs'!$X$52*12 -> 0 | Z38: =Z16*'Data Inputs'!$X$28*'Data Inputs'!$X$52*12 -> 0 | AA38: =AA16*'Data Inputs'!$X$28*'Data Inputs'!$X$52*12 -> 0 | AB38: =AB16*'Data Inputs'!$X$28*'Data Inputs'!$X$52*12 -> 0
B39: Total variable charge revenue | C39: =SUM(C30:C38) -> 10703282 | D39: =SUM(D30:D38) -> 47151.024 | E39: =SUM(E30:E38) -> 141453.07 | F39: =SUM(F30:F38) -> 235755.12 | G39: =SUM(G30:G38) -> 377208.19 | H39: =SUM(H30:H38) -> 471510.24 | I39: =SUM(I30:I38) -> 471510.24 | J39: =SUM(J30:J38) -> 471510.24 | ... AB39: =SUM(AB30:AB38) -> 471510.24
A40: Customer revenue - total | C40: =+C28+C39 -> 16741751 | D40: =+D28+D39 -> 89977.044 | E40: =+E28+E39 -> 269931.13 | F40: =+F28+F39 -> 449885.22 | G40: =+G28+G39 -> 634164.31 | H40: =+H28+H39 -> 728466.36 | I40: =+I28+I39 -> 728466.36 | J40: =+J28+J39 -> 728466.36 | ... AB40: =+AB28+AB39 -> 728466.36
B41: Present Value Of Forecast Revenue | C41: =SUM(D41:AB41) -> 8740161.1 | D41: =+D40*D3 -> 87632.242 | E41: =+E40*E3 -> 249370.48 | F41: =+F40*F3 -> 394234.42 | G41: =+G40*G3 -> 527130.06 | H41: =+H40*H3 -> 574359.3 | I41: =+I40*I3 -> 544812.71 | J41: =+J40*J3 -> 516781.32 | K41: =+K40*K3 -> 490192.3 | ... AB41: =+AB40*AB3 -> 199716.34
B43: Revenue received for each of the years 6 - 25 are the same as year 5
A45: Incremental OM&A
B46: Residential | C46: =SUM(D46:AB46) -> 0 | D46: =D8*'Data Inputs'!E90 -> 0 | E46: =E8*'Data Inputs'!F90 -> 0 | F46: =F8*'Data Inputs'!G90 -> 0 | G46: =G8*'Data Inputs'!H90 -> 0 | H46: =H8*'Data Inputs'!I90 -> 0 | I46: =I8*'Data Inputs'!J90 -> 0 | J46: =J8*'Data Inputs'!K90 -> 0 | K46: =K8*'Data Inputs'!L90 -> 0 | ... V46: =V8*'Data Inputs'!W90 -> 0 | W46: =W8*'Data Inputs'!$X$90 -> 0 | X46: =X8*'Data Inputs'!$X$90 -> 0 | Y46: =Y8*'Data Inputs'!$X$90 -> 0 | Z46: =Z8*'Data Inputs'!$X$90 -> 0 | AA46: =AA8*'Data Inputs'!$X$90 -> 0 | AB46: =AB8*'Data Inputs'!$X$90 -> 0
B47: General Service < 50kW | C47: =SUM(D47:AB47) -> 0 | D47: =D9*'Data Inputs'!E91 -> 0 | E47: =E9*'Data Inputs'!F91 -> 0 | F47: =F9*'Data Inputs'!G91 -> 0 | G47: =G9*'Data Inputs'!H91 -> 0 | H47: =H9*'Data Inputs'!I91 -> 0 | I47: =I9*'Data Inputs'!J91 -> 0 | J47: =J9*'Data Inputs'!K91 -> 0 | K47: =K9*'Data Inputs'!L91 -> 0 | ... V47: =V9*'Data Inputs'!W91 -> 0 | W47: =W9*'Data Inputs'!$X$91 -> 0 | X47: =X9*'Data Inputs'!$X$91 -> 0 | Y47: =Y9*'Data Inputs'!$X$91 -> 0 | Z47: =Z9*'Data Inputs'!$X$91 -> 0 | AA47: =AA9*'Data Inputs'!$X$91 -> 0 | AB47: =AB9*'Data Inputs'!$X$91 -> 0
B48: General Service 50 to 2,999 kW | C48: =SUM(D48:AB48) -> 0 | D48: =D10*'Data Inputs'!E92 -> 0 | E48: =E10*'Data Inputs'!F92 -> 0 | F48: =F10*'Data Inputs'!G92 -> 0 | G48: =G10*'Data Inputs'!H92 -> 0 | H48: =H10*'Data Inputs'!I92 -> 0 | I48: =I10*'Data Inputs'!J92 -> 0 | J48: =J10*'Data Inputs'!K92 -> 0 | K48: =K10*'Data Inputs'!L92 -> 0 | ... V48: =V10*'Data Inputs'!W92 -> 0 | W48: =W10*'Data Inputs'!$X$92 -> 0 | X48: =X10*'Data Inputs'!$X$92 -> 0 | Y48: =Y10*'Data Inputs'!$X$92 -> 0 | Z48: =Z10*'Data Inputs'!$X$92 -> 0 | AA48: =AA10*'Data Inputs'!$X$92 -> 0 | AB48: =AB10*'Data Inputs'!$X$92 -> 0
B49: General Service 3,000 to 4,999 kW | C49: =SUM(D49:AB49) -> 12337.572 | D49: =D11*'Data Inputs'!E93 -> 87.500507 | E49: =E11*'Data Inputs'!F93 -> 262.50152 | F49: =F11*'Data Inputs'!G93 -> 437.50254 | G49: =G11*'Data Inputs'!H93 -> 525.00304 | H49: =H11*'Data Inputs'!I93 -> 525.00304 | I49: =I11*'Data Inputs'!J93 -> 525.00304 | J49: =J11*'Data Inputs'!K93 -> 525.00304 | K49: =K11*'Data Inputs'!L93 -> 525.00304 | ... V49: =V11*'Data Inputs'!W93 -> 525.00304 | W49: =W11*'Data Inputs'!$X$93 -> 525.00304 | X49: =X11*'Data Inputs'!$X$93 -> 525.00304 | Y49: =Y11*'Data Inputs'!$X$93 -> 525.00304 | Z49: =Z11*'Data Inputs'!$X$93 -> 525.00304 | AA49: =AA11*'Data Inputs'!$X$93 -> 525.00304 | AB49: =AB11*'Data Inputs'!$X$93 -> 525.00304
B50: Large User | C50: =SUM(D50:AB50) -> 0 | D50: =D12*'Data Inputs'!E94 -> 0 | E50: =E12*'Data Inputs'!F94 -> 0 | F50: =F12*'Data Inputs'!G94 -> 0 | G50: =G12*'Data Inputs'!H94 -> 0 | H50: =H12*'Data Inputs'!I94 -> 0 | I50: =I12*'Data Inputs'!J94 -> 0 | J50: =J12*'Data Inputs'!K94 -> 0 | K50: =K12*'Data Inputs'!L94 -> 0 | ... V50: =V12*'Data Inputs'!W94 -> 0 | W50: =W12*'Data Inputs'!$X$94 -> 0 | X50: =X12*'Data Inputs'!$X$94 -> 0 | Y50: =Y12*'Data Inputs'!$X$94 -> 0 | Z50: =Z12*'Data Inputs'!$X$94 -> 0 | AA50: =AA12*'Data Inputs'!$X$94 -> 0 | AB50: =AB12*'Data Inputs'!$X$94 -> 0
B51: Other class - non-demand | C51: =SUM(D51:AB51) -> 0 | D51: =D13*'Data Inputs'!E95 -> 0 | E51: =E13*'Data Inputs'!F95 -> 0 | F51: =F13*'Data Inputs'!G95 -> 0 | G51: =G13*'Data Inputs'!H95 -> 0 | H51: =H13*'Data Inputs'!I95 -> 0 | I51: =I13*'Data Inputs'!J95 -> 0 | J51: =J13*'Data Inputs'!K95 -> 0 | K51: =K13*'Data Inputs'!L95 -> 0 | ... V51: =V13*'Data Inputs'!W95 -> 0 | W51: =W13*'Data Inputs'!$X$95 -> 0 | X51: =X13*'Data Inputs'!$X$95 -> 0 | Y51: =Y13*'Data Inputs'!$X$95 -> 0 | Z51: =Z13*'Data Inputs'!$X$95 -> 0 | AA51: =AA13*'Data Inputs'!$X$95 -> 0 | AB51: =AB13*'Data Inputs'!$X$95 -> 0
B52: Other class - non-demand | C52: =SUM(D52:AB52) -> 0 | D52: =D14*'Data Inputs'!E96 -> 0 | E52: =E14*'Data Inputs'!F96 -> 0 | F52: =F14*'Data Inputs'!G96 -> 0 | G52: =G14*'Data Inputs'!H96 -> 0 | H52: =H14*'Data Inputs'!I96 -> 0 | I52: =I14*'Data Inputs'!J96 -> 0 | J52: =J14*'Data Inputs'!K96 -> 0 | K52: =K14*'Data Inputs'!L96 -> 0 | ... V52: =V14*'Data Inputs'!W96 -> 0 | W52: =W14*'Data Inputs'!$X$96 -> 0 | X52: =X14*'Data Inputs'!$X$96 -> 0 | Y52: =Y14*'Data Inputs'!$X$96 -> 0 | Z52: =Z14*'Data Inputs'!$X$96 -> 0 | AA52: =AA14*'Data Inputs'!$X$96 -> 0 | AB52: =AB14*'Data Inputs'!$X$96 -> 0
B53: Other class - demand | C53: =SUM(D53:AB53) -> 0 | D53: =D15*'Data Inputs'!E97 -> 0 | E53: =E15*'Data Inputs'!F97 -> 0 | F53: =F15*'Data Inputs'!G97 -> 0 | G53: =G15*'Data Inputs'!H97 -> 0 | H53: =H15*'Data Inputs'!I97 -> 0 | I53: =I15*'Data Inputs'!J97 -> 0 | J53: =J15*'Data Inputs'!K97 -> 0 | K53: =K15*'Data Inputs'!L97 -> 0 | ... V53: =V15*'Data Inputs'!W97 -> 0 | W53: =W15*'Data Inputs'!$X$97 -> 0 | X53: =X15*'Data Inputs'!$X$97 -> 0 | Y53: =Y15*'Data Inputs'!$X$97 -> 0 | Z53: =Z15*'Data Inputs'!$X$97 -> 0 | AA53: =AA15*'Data Inputs'!$X$97 -> 0 | AB53: =AB15*'Data Inputs'!$X$97 -> 0
B54: Other class - demand | C54: =SUM(D54:AB54) -> 0 | D54: =D16*'Data Inputs'!E98 -> 0 | E54: =E16*'Data Inputs'!F98 -> 0 | F54: =F16*'Data Inputs'!G98 -> 0 | G54: =G16*'Data Inputs'!H98 -> 0 | H54: =H16*'Data Inputs'!I98 -> 0 | I54: =I16*'Data Inputs'!J98 -> 0 | J54: =J16*'Data Inputs'!K98 -> 0 | K54: =K16*'Data Inputs'!L98 -> 0 | ... V54: =V16*'Data Inputs'!W98 -> 0 | W54: =W16*'Data Inputs'!$X$98 -> 0 | X54: =X16*'Data Inputs'!$X$98 -> 0 | Y54: =Y16*'Data Inputs'!$X$98 -> 0 | Z54: =Z16*'Data Inputs'!$X$98 -> 0 | AA54: =AA16*'Data Inputs'!$X$98 -> 0 | AB54: =AB16*'Data Inputs'!$X$98 -> 0
A55: Total Incremental OM&A | C55: =SUM(C46:C54) -> 12337.572 | D55: =SUM(D46:D54) -> 87.500507 | E55: =SUM(E46:E54) -> 262.50152 | F55: =SUM(F46:F54) -> 437.50254 | G55: =SUM(G46:G54) -> 525.00304 | H55: =SUM(H46:H54) -> 525.00304 | I55: =SUM(I46:I54) -> 525.00304 | J55: =SUM(J46:J54) -> 525.00304 | ... AB55: =SUM(AB46:AB54) -> 525.00304
B56: Present Value Of OM&A | C56: =SUM(D56:AB56) -> 6539.605 | D56: =D55*D3 -> 85.220244 | E56: =E55*E3 -> 242.50678 | F56: =F55*F3 -> 383.38347 | G56: =G55*G3 -> 436.39303 | H56: =H55*H3 -> 413.93865 | I56: =I55*I3 -> 392.64453 | J56: =J55*J3 -> 372.44241 | K56: =K55*K3 -> 353.2798 | ... AB56: =AB55*AB3 -> 143.93483
B57: Current year customer additions are divided by two in order to recognize level activities throughout the year.
A60: CAPITAL COSTS
A62: New facilities and/or reinforcement investments | C62: =SUM(D62:AB62) -> 15500000 | D62: =+'Data Inputs'!E63 -> 15500000 | E62: =+'Data Inputs'!F63 -> 0 | F62: =+'Data Inputs'!G63 -> 0 | G62: =+'Data Inputs'!H63 -> 0 | H62: =+'Data Inputs'!I63 -> 0 | I62: =+'Data Inputs'!J63 -> 0 | J62: =+'Data Inputs'!K63 -> 0 | K62: =+'Data Inputs'!L63 -> 0 | ... W62: =+'Data Inputs'!X63 -> 0
A63: Customer specific capital
B64: Residential | C64: =SUM(D64:AB64) -> 0 | D64: =+'Data Inputs'!E67 -> 0 | E64: =+'Data Inputs'!F67 -> 0 | F64: =+'Data Inputs'!G67 -> 0 | G64: =+'Data Inputs'!H67 -> 0 | H64: =+'Data Inputs'!I67 -> 0 | I64: =+'Data Inputs'!J67 -> 0 | J64: =+'Data Inputs'!K67 -> 0 | K64: =+'Data Inputs'!L67 -> 0 | ... W64: =+'Data Inputs'!X67 -> 0
B65: General Service < 50kW | C65: =SUM(D65:AB65) -> 0 | D65: =+'Data Inputs'!E68 -> 0 | E65: =+'Data Inputs'!F68 -> 0 | F65: =+'Data Inputs'!G68 -> 0 | G65: =+'Data Inputs'!H68 -> 0 | H65: =+'Data Inputs'!I68 -> 0 | I65: =+'Data Inputs'!J68 -> 0 | J65: =+'Data Inputs'!K68 -> 0 | K65: =+'Data Inputs'!L68 -> 0 | ... W65: =+'Data Inputs'!X68 -> 0
B66: General Service 50 to 2,999 kW | C66: =SUM(D66:AB66) -> 0 | D66: =+'Data Inputs'!E69 -> 0 | E66: =+'Data Inputs'!F69 -> 0 | F66: =+'Data Inputs'!G69 -> 0 | G66: =+'Data Inputs'!H69 -> 0 | H66: =+'Data Inputs'!I69 -> 0 | I66: =+'Data Inputs'!J69 -> 0 | J66: =+'Data Inputs'!K69 -> 0 | K66: =+'Data Inputs'!L69 -> 0 | ... W66: =+'Data Inputs'!X69 -> 0
B67: General Service 3,000 to 4,999 kW | C67: =SUM(D67:AB67) -> 0 | D67: =+'Data Inputs'!E70 -> 0 | E67: =+'Data Inputs'!F70 -> 0 | F67: =+'Data Inputs'!G70 -> 0 | G67: =+'Data Inputs'!H70 -> 0 | H67: =+'Data Inputs'!I70 -> 0 | I67: =+'Data Inputs'!J70 -> 0 | J67: =+'Data Inputs'!K70 -> 0 | K67: =+'Data Inputs'!L70 -> 0 | ... W67: =+'Data Inputs'!X70 -> 0
B68: Large User | C68: =SUM(D68:AB68) -> 0 | D68: =+'Data Inputs'!E71 -> 0 | E68: =+'Data Inputs'!F71 -> 0 | F68: =+'Data Inputs'!G71 -> 0 | G68: =+'Data Inputs'!H71 -> 0 | H68: =+'Data Inputs'!I71 -> 0 | I68: =+'Data Inputs'!J71 -> 0 | J68: =+'Data Inputs'!K71 -> 0 | K68: =+'Data Inputs'!L71 -> 0 | ... W68: =+'Data Inputs'!X71 -> 0
B69: Other class - non-demand | C69: =SUM(D69:AB69) -> 0 | D69: =+'Data Inputs'!E72 -> 0 | E69: =+'Data Inputs'!F72 -> 0 | F69: =+'Data Inputs'!G72 -> 0 | G69: =+'Data Inputs'!H72 -> 0 | H69: =+'Data Inputs'!I72 -> 0 | I69: =+'Data Inputs'!J72 -> 0 | J69: =+'Data Inputs'!K72 -> 0 | K69: =+'Data Inputs'!L72 -> 0 | ... W69: =+'Data Inputs'!X72 -> 0
B70: Other class - non-demand | C70: =SUM(D70:AB70) -> 0 | D70: =+'Data Inputs'!E73 -> 0 | E70: =+'Data Inputs'!F73 -> 0 | F70: =+'Data Inputs'!G73 -> 0 | G70: =+'Data Inputs'!H73 -> 0 | H70: =+'Data Inputs'!I73 -> 0 | I70: =+'Data Inputs'!J73 -> 0 | J70: =+'Data Inputs'!K73 -> 0 | K70: =+'Data Inputs'!L73 -> 0 | ... W70: =+'Data Inputs'!X73 -> 0
B71: Other class - demand | C71: =SUM(D71:AB71) -> 0 | D71: =+'Data Inputs'!E74 -> 0 | E71: =+'Data Inputs'!F74 -> 0 | F71: =+'Data Inputs'!G74 -> 0 | G71: =+'Data Inputs'!H74 -> 0 | H71: =+'Data Inputs'!I74 -> 0 | I71: =+'Data Inputs'!J74 -> 0 | J71: =+'Data Inputs'!K74 -> 0 | K71: =+'Data Inputs'!L74 -> 0 | ... W71: =+'Data Inputs'!X74 -> 0
B72: Other class - demand | C72: =SUM(D72:AB72) -> 0 | D72: =+'Data Inputs'!E75 -> 0 | E72: =+'Data Inputs'!F75 -> 0 | F72: =+'Data Inputs'!G75 -> 0 | G72: =+'Data Inputs'!H75 -> 0 | H72: =+'Data Inputs'!I75 -> 0 | I72: =+'Data Inputs'!J75 -> 0 | J72: =+'Data Inputs'!K75 -> 0 | K72: =+'Data Inputs'!L75 -> 0 | ... W72: =+'Data Inputs'!X75 -> 0
B73: Total customer specific capital (exclude land) | C73: =SUM(C64:C72) -> 0 | D73: =SUM(D64:D72) -> 0 | E73: =SUM(E64:E72) -> 0 | F73: =SUM(F64:F72) -> 0 | G73: =SUM(G64:G72) -> 0 | H73: =SUM(H64:H72) -> 0 | I73: =SUM(I64:I72) -> 0 | J73: =SUM(J64:J72) -> 0 | ... W73: =SUM(W64:W72) -> 0
A74: Incremental Overheads at project level
B75: Residential | C75: =SUM(D75:AB75) -> 0 | D75: =+'Data Inputs'!E79 -> 0 | E75: =+'Data Inputs'!F79 -> 0 | F75: =+'Data Inputs'!G79 -> 0 | G75: =+'Data Inputs'!H79 -> 0 | H75: =+'Data Inputs'!I79 -> 0 | I75: =+'Data Inputs'!J79 -> 0 | J75: =+'Data Inputs'!K79 -> 0 | K75: =+'Data Inputs'!L79 -> 0 | ... W75: =+'Data Inputs'!X79 -> 0
B76: General Service < 50kW | C76: =SUM(D76:AB76) -> 0 | D76: =+'Data Inputs'!E80 -> 0 | E76: =+'Data Inputs'!F80 -> 0 | F76: =+'Data Inputs'!G80 -> 0 | G76: =+'Data Inputs'!H80 -> 0 | H76: =+'Data Inputs'!I80 -> 0 | I76: =+'Data Inputs'!J80 -> 0 | J76: =+'Data Inputs'!K80 -> 0 | K76: =+'Data Inputs'!L80 -> 0 | ... W76: =+'Data Inputs'!X80 -> 0
B77: General Service 50 to 2,999 kW | C77: =SUM(D77:AB77) -> 0 | D77: =+'Data Inputs'!E81 -> 0 | E77: =+'Data Inputs'!F81 -> 0 | F77: =+'Data Inputs'!G81 -> 0 | G77: =+'Data Inputs'!H81 -> 0 | H77: =+'Data Inputs'!I81 -> 0 | I77: =+'Data Inputs'!J81 -> 0 | J77: =+'Data Inputs'!K81 -> 0 | K77: =+'Data Inputs'!L81 -> 0 | ... W77: =+'Data Inputs'!X81 -> 0
B78: General Service 3,000 to 4,999 kW | C78: =SUM(D78:AB78) -> 0 | D78: =+'Data Inputs'!E82 -> 0 | E78: =+'Data Inputs'!F82 -> 0 | F78: =+'Data Inputs'!G82 -> 0 | G78: =+'Data Inputs'!H82 -> 0 | H78: =+'Data Inputs'!I82 -> 0 | I78: =+'Data Inputs'!J82 -> 0 | J78: =+'Data Inputs'!K82 -> 0 | K78: =+'Data Inputs'!L82 -> 0 | ... W78: =+'Data Inputs'!X82 -> 0
B79: Large User | C79: =SUM(D79:AB79) -> 0 | D79: =+'Data Inputs'!E83 -> 0 | E79: =+'Data Inputs'!F83 -> 0 | F79: =+'Data Inputs'!G83 -> 0 | G79: =+'Data Inputs'!H83 -> 0 | H79: =+'Data Inputs'!I83 -> 0 | I79: =+'Data Inputs'!J83 -> 0 | J79: =+'Data Inputs'!K83 -> 0 | K79: =+'Data Inputs'!L83 -> 0 | ... W79: =+'Data Inputs'!X83 -> 0
B80: Other class - non-demand | C80: =SUM(D80:AB80) -> 0 | D80: =+'Data Inputs'!E84 -> 0 | E80: =+'Data Inputs'!F84 -> 0 | F80: =+'Data Inputs'!G84 -> 0 | G80: =+'Data Inputs'!H84 -> 0 | H80: =+'Data Inputs'!I84 -> 0 | I80: =+'Data Inputs'!J84 -> 0 | J80: =+'Data Inputs'!K84 -> 0 | K80: =+'Data Inputs'!L84 -> 0 | ... W80: =+'Data Inputs'!X84 -> 0
B81: Other class - non-demand | C81: =SUM(D81:AB81) -> 0 | D81: =+'Data Inputs'!E85 -> 0 | E81: =+'Data Inputs'!F85 -> 0 | F81: =+'Data Inputs'!G85 -> 0 | G81: =+'Data Inputs'!H85 -> 0 | H81: =+'Data Inputs'!I85 -> 0 | I81: =+'Data Inputs'!J85 -> 0 | J81: =+'Data Inputs'!K85 -> 0 | K81: =+'Data Inputs'!L85 -> 0 | ... W81: =+'Data Inputs'!X85 -> 0
B82: Other class - demand | C82: =SUM(D82:AB82) -> 0 | D82: =+'Data Inputs'!E86 -> 0 | E82: =+'Data Inputs'!F86 -> 0 | F82: =+'Data Inputs'!G86 -> 0 | G82: =+'Data Inputs'!H86 -> 0 | H82: =+'Data Inputs'!I86 -> 0 | I82: =+'Data Inputs'!J86 -> 0 | J82: =+'Data Inputs'!K86 -> 0 | K82: =+'Data Inputs'!L86 -> 0 | ... W82: =+'Data Inputs'!X86 -> 0
B83: Other class - demand | C83: =SUM(D83:AB83) -> 0 | D83: =+'Data Inputs'!E87 -> 0 | E83: =+'Data Inputs'!F87 -> 0 | F83: =+'Data Inputs'!G87 -> 0 | G83: =+'Data Inputs'!H87 -> 0 | H83: =+'Data Inputs'!I87 -> 0 | I83: =+'Data Inputs'!J87 -> 0 | J83: =+'Data Inputs'!K87 -> 0 | K83: =+'Data Inputs'!L87 -> 0 | ... W83: =+'Data Inputs'!X87 -> 0
B84: Total incremental overheads | C84: =SUM(C75:C83) -> 0 | D84: =SUM(D75:D83) -> 0 | E84: =SUM(E75:E83) -> 0 | F84: =SUM(F75:F83) -> 0 | G84: =SUM(G75:G83) -> 0 | H84: =SUM(H75:H83) -> 0 | I84: =SUM(I75:I83) -> 0 | J84: =SUM(J75:J83) -> 0 | ... W84: =SUM(W75:W83) -> 0
B85: Land and land rights | C85: =SUM(D85:AB85) -> 0 | D85: =+'Data Inputs'!E64 -> 0 | E85: =+'Data Inputs'!F64 -> 0 | F85: =+'Data Inputs'!G64 -> 0 | G85: =+'Data Inputs'!H64 -> 0 | H85: =+'Data Inputs'!I64 -> 0 | I85: =+'Data Inputs'!J64 -> 0 | J85: =+'Data Inputs'!K64 -> 0 | K85: =+'Data Inputs'!L64 -> 0 | ... W85: =+'Data Inputs'!X64 -> 0
A86: Annual Total Capital Costs | C86: =+C62+C73+C84+C85 -> 15500000 | D86: =+D62+D73+D84+D85 -> 15500000 | E86: =+E62+E73+E84+E85 -> 0 | F86: =+F62+F73+F84+F85 -> 0 | G86: =+G62+G73+G84+G85 -> 0 | H86: =+H62+H73+H84+H85 -> 0 | I86: =+I62+I73+I84+I85 -> 0 | J86: =+J62+J73+J84+J85 -> 0 | ... AB86: =+AB62+AB73+AB84+AB85 -> 0
A87: Annual Capital Costs excluding land | C87: =+C86-C85 -> 15500000 | D87: =+D86-D85 -> 15500000 | E87: =+E86-E85 -> 0 | F87: =+F86-F85 -> 0 | G87: =+G86-G85 -> 0 | H87: =+H86-H85 -> 0 | I87: =+I86-I85 -> 0 | J87: =+J86-J85 -> 0 | ... AB87: =+AB86-AB85 -> 0
A88: There is assumption made here that there are no up front capital costs in the first year, that Costs in the first year are incurred evenly during the year.
A89: Present Value Of Annual Capital Costs | C89: =SUM(D89:AB89) -> 15096070 | D89: =+D86*D3 -> 15096070 | E89: =+E86*E3 -> 0 | F89: =+F86*F3 -> 0 | G89: =+G86*G3 -> 0 | H89: =+H86*H3 -> 0 | I89: =+I86*I3 -> 0 | J89: =+J86*J3 -> 0 | K89: =+K86*K3 -> 0 | ... AB89: =+AB86*AB3 -> 0
A93: Present Value Of CCA Tax Shield
A94: Opening undepreciated capital cost | D94: =+D87 -> 15500000 | E94: =+D97 -> 7727634.1 | F94: =+E97 -> 7109423.4 | G94: =+F97 -> 6540669.5 | H94: =+G97 -> 6017416 | I94: =+H97 -> 5536022.7 | J94: =+I97 -> 5093140.9 | K94: =+J97 -> 4685689.6 | L94: =+K97 -> 4310834.4 | ... AB94: =+AA97 -> 1135446.3
B95: Less: Contributed Capital | D95: =IF(C131<0,+C131,0) -> -7450381.1
B96: Less: Capital cost allowance | C96: =SUM(D96:AB96) -> 7005008.3 | D96: =(+D94+D95)*'Data Inputs'!E114*0.5 -> 321984.76 | E96: =(E87*'Data Inputs'!F114*0.5)+('Data Inputs'!F114*D97) -> 618210.73 | F96: =(F87*'Data Inputs'!G114*0.5)+('Data Inputs'!G114*E97) -> 568753.87 | G96: =(G87*'Data Inputs'!H114*0.5)+('Data Inputs'!H114*F97) -> 523253.56 | H96: =(H87*'Data Inputs'!$I114*0.5)+('Data Inputs'!$I114*G97) -> 481393.28 | I96: ='Data Inputs'!$I114*H97 -> 442881.82 | J96: ='Data Inputs'!$I114*I97 -> 407451.27 | K96: ='Data Inputs'!$I114*J97 -> 374855.17 | L96: ='Data Inputs'!$I114*K97 -> 344866.75 | M96: ='Data Inputs'!$I114*L97 -> 317277.41 | N96: ='Data Inputs'!$I114*M97 -> 291895.22 | O96: ='Data Inputs'!$I114*N97 -> 268543.6 | P96: ='Data Inputs'!$I114*O97 -> 247060.12 | ... AB96: ='Data Inputs'!$I114*AA97 -> 90835.7
A97: Closing undepreciated capital cost | D97: =+D94+D95-D96 -> 7727634.1 | E97: =+E87+E94+-E96 -> 7109423.4 | F97: =+F87+F94+-F96 -> 6540669.5 | G97: =+G87+G94+-G96 -> 6017416 | H97: =+H87+H94+-H96 -> 5536022.7 | I97: =+I87+I94+-I96 -> 5093140.9 | J97: =+J87+J94+-J96 -> 4685689.6 | K97: =+K87+K94+-K96 -> 4310834.4 | L97: =+L87+L94+-L96 -> 3965967.7 | ... AB97: =+AB87+AB94+-AB96 -> 1044610.6
B98: CCA Annual Income Tax Savings | D98: =+D96*'Data Inputs'!$E$111 -> 85325.96 | E98: =+E96*'Data Inputs'!$F$111 -> 163825.84 | F98: =+F96*'Data Inputs'!$G$111 -> 150719.78 | G98: =+G96*'Data Inputs'!$H$111 -> 138662.19 | H98: =+H96*'Data Inputs'!$I$111 -> 127569.22 | I98: =+I96*'Data Inputs'!$I$111 -> 117363.68 | J98: =+J96*'Data Inputs'!$I$111 -> 107974.59 | K98: =+K96*'Data Inputs'!$I$111 -> 99336.62 | L98: =+L96*'Data Inputs'!$I$111 -> 91389.69 | M98: =+M96*'Data Inputs'!$I$111 -> 84078.515 | N98: =+N96*'Data Inputs'!$I$111 -> 77352.234 | O98: =+O96*'Data Inputs'!$I$111 -> 71164.055 | ... AB98: =+AB96*'Data Inputs'!$I$111 -> 24071.461
A99: Present Value of CCA Tax Shield | C99: =SUM(D99:AB99) -> 1226477.1 | D99: =+D$3*D98 -> 83102.366 | E99: =+E$3*E98 -> 151347.23 | F99: =+F$3*F98 -> 132075.74 | G99: =+G$3*G98 -> 115258.79 | H99: =+H$3*H98 -> 100581.95 | I99: =+I$3*I98 -> 87775.123 | J99: =+J$3*J98 -> 76598.251 | K99: =+K$3*K98 -> 66844.605 | ... AB99: =+AB$3*AB98 -> 6599.4316
A102: Present Value of Operating Cash Flow
A103: Present Value of Net Operating Cash
B104: Customer revenue - total | C104: =+C40 -> 16741751 | D104: =+D40 -> 89977.044 | E104: =+E40 -> 269931.13 | F104: =+F40 -> 449885.22 | G104: =+G40 -> 634164.31 | H104: =+H40 -> 728466.36 | I104: =+I40 -> 728466.36 | J104: =+J40 -> 728466.36 | ... AB104: =+AB40 -> 728466.36
B105: Less Total Incremental OM&A | C105: =-C55 -> -12337.572 | D105: =-D55 -> -87.500507 | E105: =-E55 -> -262.50152 | F105: =-F55 -> -437.50254 | G105: =-G55 -> -525.00304 | H105: =-H55 -> -525.00304 | I105: =-I55 -> -525.00304 | J105: =-J55 -> -525.00304 | ... AB105: =-AB55 -> -525.00304
B106: Net (Wires) Operating Cash before Income Tax | C106: =SUM(C104:C105) -> 16729414 | D106: =SUM(D104:D105) -> 89889.543 | E106: =SUM(E104:E105) -> 269668.63 | F106: =SUM(F104:F105) -> 449447.72 | G106: =SUM(G104:G105) -> 633639.31 | H106: =SUM(H104:H105) -> 727941.36 | I106: =SUM(I104:I105) -> 727941.36 | J106: =SUM(J104:J105) -> 727941.36 | ... AB106: =SUM(AB104:AB105) -> 727941.36
A107: Present value of Net Operating Cash | C107: =SUM(D107:AB107) -> 8733621.5 | D107: =+D106*D3 -> 87547.022 | E107: =+E106*E3 -> 249127.97 | F107: =+F106*F3 -> 393851.03 | G107: =+G106*G3 -> 526693.67 | H107: =+H106*H3 -> 573945.36 | I107: =+I106*I3 -> 544420.06 | J107: =+J106*J3 -> 516408.88 | K107: =+K106*K3 -> 489839.02 | ... AB107: =+AB106*AB3 -> 199572.4
A108: Present Value Of Forecast Revenue | C108: =SUM(D108:AB108) -> 8740161.1 | D108: =+D104*D3 -> 87632.242 | E108: =+E104*E3 -> 249370.48 | F108: =+F104*F3 -> 394234.42 | G108: =+G104*G3 -> 527130.06 | H108: =+H104*H3 -> 574359.3 | I108: =+I104*I3 -> 544812.71 | J108: =+J104*J3 -> 516781.32 | K108: =+K104*K3 -> 490192.3 | ... AB108: =+AB104*AB3 -> 199716.34
A109: PV of Projected OM&A costs | C109: =SUM(D109:AB109) -> -6539.605 | D109: =+D105*D3 -> -85.220244 | E109: =+E105*E3 -> -242.50678 | F109: =+F105*F3 -> -383.38347 | G109: =+G105*G3 -> -436.39303 | H109: =+H105*H3 -> -413.93865 | I109: =+I105*I3 -> -392.64453 | J109: =+J105*J3 -> -372.44241 | K109: =+K105*K3 -> -353.2798 | ... AB109: =+AB105*AB3 -> -143.93483
A111: Present Value of Taxes
...

Sheet OM&A Calc
A1: OM&A COST/CUSTOMER CALCULATION
A2: Customer Count | D2: Elexicon | E2: 179017
A4: Description | B4: OEB | D4: 2024 | E4: 2024/Cust
A5: Operations Supervision & Engineering | B5: 5005 | D5: 3256907.8
A6: Load Dispatching | B6: 5010 | D6: 1894430.3
A7: Station Buildings & Fixtures | B7: 5012 | D7: 284455.25
A8: Distribution Station Equipment | B8: 5016 | D8: 170924.41
B9: 5017 | D9: 58387.14
A10: Overhead Lines | B10: 5020 | D10: 1452299.1
B11: 5025 | D11: 805802.31
A12: Overhead Subtransmission Feeders | B12: 5030 | D12: 45135.48
A13: Overhead Transformers | B13: 5035 | D13: 0
A14: Underground Lines and Feeders | B14: 5040 | D14: -1452153.6
B15: 5045 | D15: 1794776.6
A16: Underground Subtransmission Feeders | B16: 5050 | D16: 0
A17: Underground Transformers | B17: 5055 | D17: 338375.79
A18: Customer Premises | B18: 5070 | D18: 1092098.6
B19: 5075 | D19: 331148.39
A20: Metering | B20: 5065 | D20: 523243.23
B21: 5175 | D21: 449382.89
A22: Miscellaneous | B22: 5085 | D22: 1923786.6
B23: 5090 | D23: 0
B24: 5095 | D24: 187501.06
B25: 5096 | D25: 0
A26: Less: Misc. 5090 5095 5096 | B26: 5090 | D26: =-D23 -> 0
B27: 5095 | D27: =-D24 -> -187501.06
B28: 5096 | D28: =-D25 -> 0
A29: Total Operations | D29: =SUM(D5:D28) -> 12969000 | E29: =+D29/E2 -> 72.445635
A30: Supervision and Direction | B30: 5105 | D30: 610477.32
A31: Station Building Maintenance | B31: 5110 | D31: 88573.24
A32: Station Equipment Maintenance | B32: 5114 | D32: 3122389.9
A33: Poles, Towers & Fixtures | B33: 5120 | D33: 34554.58
A34: Overhead Lines | B34: 5125 | D34: 874580.83
A35: Overhead Services | B35: 5130 | D35: 33443.41
A36: Tree Trimming | B36: 5135 | D36: 1571789.3
A37: Underground Lines | B37: 5145 | D37: 8744.62
B38: 5150 | D38: 282328.06
A39: Underground Services | B39: 5155 | D39: 257485.61
A40: Transformer Maintenance | B40: 5160 | D40: 55157.86
A41: Total Maintenance | D41: =SUM(D30:D40) -> 6939524.8 | E41: =+D41/E2 -> 38.764613
A42: Bad Debt Expense | B42: 5335 | D42: 1247606.1
A43: Cash Over/Short | B43: 5325 | D43: 0
A44: Energy Services - Billing & Settlement | B44: 5310 | D44: 251552.23
A45: Customer Billing | B45: 5315 | D45: 6037583.7
A46: Miscellaneous Customer Accounts Expenses | B46: 5340 | D46: 2537939
A47: Collecting | B47: 5320 | D47: 1344950.6
A48: XXLess: Belleville Front Counter | B48: 5320 | D48: 0
A49: Total Other Costs | D49: =SUM(D42:D48) -> 11419632 | E49: =+D49/E2 -> 63.790766
A50: Total OM&A | D50: =+D49+D41+D29 -> 31328157
A51: $/Customer | D51: =+D50/E2 -> 175.00101
